 Dungeon Crawl Stone Soup version 0.26-a0-591-g04f19ec95a (webtiles) character file.

Game seed: 7358962180046972007

1399471 Hores the Conqueror (level 27, 0/199 HPs)
             Began as a Gargoyle Earth Elementalist on Aug 23, 2020.
             Was the Champion of Vehumet.
             Killed by miscasting Death's Door (15 damage)
             ... on level 15 of a ziggurat on Aug 24, 2020.
             The game lasted 05:23:07 (91287 turns).

Hores the Conqueror (Gargoyle Earth Elementalist)  Turns: 91287, Time: 05:23:08

Health: 0/199      AC: 51    Str: 28    XL:     27
Magic:  45/54      EV: 28    Int: 49    God:    Vehumet [******]
Gold:   15333      SH: 12    Dex: 12    Spells: 6/80 levels left

rFire    + + +     SeeInvis +   L - +3 Elemental Staff {rElec rF++ rC++ MR++ AC+5}
rCold    + + +     Faith    .   E - +0 buckler of Fizam {rC+ rCorr Int+6}
rNeg     + . .     Spirit   .   n - +1 leather armour of a ziggurat {Regen+ Str+9}
rPois    ∞         Reflect  +   m - +2 hat {Int+3}
rElec    +         Harm     .   y - scarf {rC+ rF+}
rCorr    +                      u - +3 pair of gloves of Piapt {rF++}
MR       ++++.                  Q - +2 pair of boots {run}
Stlth    +++++++++.             G - amulet of Yviosiehywk {Reflect Int+7 SH+5 Stlth+}
HPRegen  0.83/turn              N - ring of Robustness {AC+8}
MPRegen  0.34/turn              b - ring "Ixtan" {rPois Str+5 Int+6}

@: sap magic, flying, very slightly contaminated, studying 3 skills, lightly
drained, magic sapped, quick
A: big wings, yellow scales 1, see invisible, agile 1, cold resistance 1,
deformed body, mutation resistance 1, negative energy resistance 1, electricity
resistance, inhibited regeneration, wild magic 1, unbreathing, petrification
resistance, no potion heal 1, rot immunity, AC +20
}: 5/15 runes: decaying, serpentine, slimy, silver, abyssal
a: Stop Flying, Renounce Religion


You were on level 15 of a ziggurat.
You worshipped Vehumet.
Vehumet was exalted by your worship.
You visited 12 branches of the dungeon, and saw 58 of its levels.
You visited the Abyss 2 times.
You visited 4 ziggurats (completing 3), and saw 96 of their levels.
You also visited: Volcano.

You collected 19035 gold pieces.
You spent 3702 gold pieces at shops.

Inventory:

Hand Weapons
 L - the +3 Elemental Staff (weapon) {rElec rF++ rC++ MR++ AC+5}
   (You found it on level 11 of a ziggurat)

   It affects your AC (+5).
   It greatly protects you from fire.
   It greatly protects you from cold.
   It insulates you from electricity.
   It affects your resistance to hostile enchantments.
Missiles
 s - 10 throwing nets (quivered)
Armour
 m - a +2 hat of intelligence (worn)
 n - the +1 leather armour of a ziggurat (worn) {Regen+ Str+9}
   (You took it off a deep elf mage on level 3 of the Elven Halls)

   It affects your strength (+9).
   It increases your rate of regeneration.
 u - the +3 pair of gloves of Piapt (worn) {rF++}
   (You found it on level 18 of a ziggurat)

   It greatly protects you from fire.
 y - a scarf of resistance (worn)
 E - the +0 buckler of Fizam (worn) {rC+ rCorr Int+6}
   (You bought it in a shop on level 2 of the Orcish Mines)

   It affects your intelligence (+6).
   It protects you from cold.
   It provides partial protection from all sources of acid and corrosion.
 F - the +2 robe of Vines {NoPotionHeal Regen+7}
   (You found it on level 14 of a ziggurat)

   It increases your rate of regeneration.
 Q - a +2 pair of boots of running (worn)
Jewellery
 b - the ring "Ixtan" (right hand) {rPois Str+5 Int+6}
   (You found it on level 5 of the Pits of Slime)

   [ring of poison resistance]

   It affects your strength (+5).
   It affects your intelligence (+6).
   It protects you from poison.
 G - the amulet of Yviosiehywk (around neck) {Reflect Int+7 SH+5 Stlth+}
   (You acquired it on level 9 of the Dungeon)

   [amulet of reflection]

   It shields you and reflects attacks.
   It affects your intelligence (+7).
   It affects your SH (+5).
   It makes you more stealthy.
 N - the ring of Robustness (left hand) {AC+8}
   (You found it on level 14 of a ziggurat)

   [ring of protection]

   It affects your AC (+8).
Wands
 w - a wand of acid (69)
Scrolls
 a - 22 scrolls of magic mapping
 e - 72 scrolls of teleportation
 i - 72 scrolls of remove curse
 q - 31 scrolls of amnesia
 t - 19 scrolls of blinking
 x - 14 scrolls of identify
 D - 15 scrolls of holy word
 P - 38 scrolls of fog
 W - 2 scrolls of summoning
Potions
 g - a potion of brilliance
 h - 18 potions of heal wounds
 j - 9 potions of magic
 l - 9 potions of ambrosia
 o - 7 potions of cancellation
 r - 7 potions of might
 v - 42 potions of curing
 A - 5 potions of berserk rage
 B - a potion of haste
 S - 10 potions of resistance
 X - 68 potions of mutation
Books
 k - a manual of Translocations
 p - a manual of
Armour
 C - a manual of Polearms
Miscellaneous
 c - a phantom mirror
 d - a condenser vane (2/2)
 f - a tin of tremorstones (3/3)
 z - a box of beasts (3/3)


   Skills:
 O Level 27(26.4) Fighting
   Level 16.0(15.8) Maces & Flails
 - Level 5.5(11.6) Staves
 - Level 18.0(17.5) Armour
 O Level 27(26.4) Dodging
 O Level 27(26.4) Stealth
 - Level 15.0(14.5) Shields
 O Level 27(26.4) Spellcasting
 O Level 27(26.4) Conjurations
 - Level 18.0(17.5) Necromancy
 - Level 10.0(9.6) Transmutations
 O Level 27(26.4) Fire Magic
 O Level 27(26.4) Ice Magic
 + Level 24.7(24.2) Air Magic
 O Level 27(26.4) Earth Magic
 O Level 27(26.4) Evocations


You had 6 spell levels left.
You knew the following spells:

 Your Spells              Type           Power        Failure   Level
a - Shatter               Erth           #########.   1%          9
b - Death's Door          Necr           ########..   45%         9
c - Lee's Rapid Deconstr  Erth           #########.   1%          5
d - Lehudib's Crystal Sp  Conj/Erth      #########.   1%          8
e - Necromutation         Tmut/Necr      ########..   24%         8
f - Fire Storm            Conj/Fire      #########.   1%          9
g - Ignition              Fire           #########.   1%          8
i - Absolute Zero         Ice            #########.   1%          9
j - Tornado               Air            #########.   2%          9

Your spell library contained the following spells:

 Spells                   Type           Power        Failure   Level
 Animate Skeleton         Necr           ######       1%          1
 Beastly Appendage        Tmut           ######       1%          1
 Foxfire                  Conj/Fire      ####         1%          1
 Freeze                   Ice            ####         1%          1
 Magic Dart               Conj           ####         1%          1
 Pain                     Necr           ####         1%          1
 Sandblast                Erth           ######       1%          1
 Shock                    Conj/Air       ####         1%          1
 Corpse Rot               Necr/Air       N/A          1%          2
 Ensorcelled Hibernation  Hex/Ice        ######       1%          2
 Passwall                 Tmut/Erth      ########     1%          2
 Poisonous Vapours        Pois/Air       ######       1%          2
 Searing Ray              Conj           ######       1%          2
 Swiftness                Air            ########     1%          2
 Wereblood                Tmut           ########     1%          2
 Conjure Flame            Conj/Fire      ########     1%          3
 Dazzling Flash           Conj/Hex       ######       1%          3
 Frozen Ramparts          Ice            ######       1%          3
 Ignite Poison            Fire/Tmut/Pois ########     1%          3
 Inner Flame              Hex/Fire       ########     1%          3
 Mephitic Cloud           Conj/Pois/Air  ########     1%          3
 Ozocubu's Armour         Ice            ########     1%          3
 Static Discharge         Conj/Air       ########     1%          3
 Stone Arrow              Conj/Erth      ######       1%          3
 Vampiric Draining        Necr           ########..   1%          3
 Airstrike                Air            #########.   1%          4
 Animate Dead             Necr           ########..   1%          4
 Dispel Undead            Necr           ########     1%          4
 Fulminant Prism          Conj/Hex       ########..   1%          4
 Hailstorm                Conj/Ice       ########     1%          4
 Ice Form                 Ice/Tmut       ########     1%          4
 Iskenderun's Mystic Bla  Conj/Tloc      ########     1%          4
 Leda's Liquefaction      Hex/Erth       #########.   1%          4
 Petrify                  Tmut/Erth      ########     1%          4
 Sticky Flame             Conj/Fire      ########     1%          4
 Summon Ice Beast         Ice/Summ       ########     1%          4
 Summon Lightning Spire   Summ/Air       ########     1%          4
 Agony                    Necr           ########     1%          5
 Bolt of Magma            Conj/Fire/Erth ##########   1%          5
 Borgnjor's Vile Clutch   Necr/Erth      #########.   1%          5
 Excruciating Wounds      Necr           ########..   1%          5
 Fireball                 Conj/Fire      #########.   1%          5
 Irradiate                Conj/Tmut      ########..   1%          5
 Iskenderun's Battlesphe  Conj           ########     1%          5
 Lightning Bolt           Conj/Air       #########.   1%          5
 Conjure Ball Lightning   Conj/Air       #########.   1%          6
 Freezing Cloud           Conj/Ice/Air   ##########   1%          6
 Iron Shot                Conj/Erth      #########.   1%          6
 Ozocubu's Refrigeration  Ice            #########.   1%          6
 Simulacrum               Ice/Necr       #########.   1%          6
 Starburst                Conj/Fire      #########.   1%          6
 Sting                    Tmut/Pois      ####         2%          1
 Metabolic Englaciation   Hex/Ice        #########.   2%          5
 Yara's Violent Unravell  Hex/Tmut       #######...   2%          5
 Death Channel            Necr           ########..   2%          6
 Silence                  Hex/Air        #########.   3%          5
 Spider Form              Tmut/Pois      #######...   4%          3
 Olgreb's Toxic Radiance  Pois           ######..     4%          4
 Blade Hands              Tmut           ########..   4%          5
 Apportation              Tloc           ######       5%          1
 Corona                   Hex            ######.      5%          1
 Summon Small Mammal      Summ           ####         5%          1
 Blink                    Tloc           N/A          6%          2
 Call Imp                 Summ           ######..     6%          2
 Slow                     Hex            ######..     6%          2
 Call Canine Familiar     Summ           ######..     8%          3
 Confusing Touch          Hex            ######..     8%          3
 Gell's Gravitas          Tloc           ######....   8%          3
 Lesser Beckoning         Tloc           ######....   8%          3
 Portal Projectile        Hex/Tloc       ######       8%          3
 Summon Guardian Golem    Hex/Summ       ######..     8%          3
 Teleport Other           Tloc           ######..     8%          3
 Tukima's Dance           Hex            ######..     8%          3
 Hydra Form               Tmut           ########..   8%          6
 Alistair's Intoxication  Tmut/Pois      #######..    9%          5
 Cause Fear               Hex            ######....   14%         4
 Passage of Golubria      Tloc           N/A          14%         4
 Eringya's Noxious Bog    Tmut/Pois      #######...   22%         6
 Summon Demon             Summ           ######....   26%         5
 Summon Forest            Summ/Tloc      ######....   26%         5
 Summon Mana Viper        Hex/Summ       ######..     26%         5
 Dispersal                Tloc           ######....   63%         6
 Invisibility             Hex            ######..     63%         6
 Shadow Creatures         Summ           N/A          63%         6
 Orb of Destruction       Conj           #########.   1%          7
 Chain Lightning          Conj/Air       #########.   1%          8
 Spellforged Servitor     Conj/Summ      ########..   2%          7
 Borgnjor's Revivificati  Necr           ########..   10%         8
 Infestation              Necr           ########..   10%         8
 Dragon Form              Tmut           ########..   19%         7
 Haunt                    Necr/Summ      ########..   22%         7
 Malign Gateway           Summ/Tloc      ######....   98%         7
 Monstrous Menagerie      Summ           ######....   98%         7
 Summon Greater Demon     Summ           ######....   98%         7
 Summon Hydra             Summ           ######....   98%         7
 Discord                  Hex            ######....   100%        8
 Disjunction              Tloc           ######....   100%        8
 Summon Horrible Things   Summ           ######....   100%        8
 Dragon's Call            Summ           ######....   100%        9
 Sublimation of Blood     Necr           Unusable     N/A         2
 Statue Form              Tmut/Erth      Unusable     N/A         6

Dungeon Overview and Level Annotations

Branches:
Dungeon (15/15)            Temple (1/1) D:5            Lair (6/6) D:11
  Swamp (4/4) Lair:2        Snake (4/4) Lair:3        Slime (5/5) Lair:5
    Orc (2/2) D:10            Elf (3/3) Orc:2        Vaults (5/5) D:13
  Crypt (3/3) Vaults:3       Tomb (0/3) Crypt:3      Depths (5/5) D:15
    Zot (5/5) Depths:5    Volcano (visited)

Altars:
Ashenzari
Cheibriados
Dithmenos
Elyvilon
Gozag
Hepliaklqana
Kikubaaqudgha
Makhleb
Nemelex Xobeh
Qazlal
Ru
Sif Muna
Trog
Uskayaw
Vehumet
Wu Jian
Xom
Yredelemnul
Beogh
Jiyva
Lugonu

Shops:
D:7 (!   D:8 !   D:9 [   D:13 [   D:15 *   Orc:1 =   Orc:2 [:(=   Elf:1 !
Elf:2 ([   Snake:2 =}=   Snake:3 [   Vaults:3 =   Vaults:4 *   Depths:2 *
Depths:4 :

Portals:
Hell: Depths:1 Depths:2 Depths:3 Depths:4 Depths:5
Abyss: Zot:1 Depths:3 Depths:4 Depths:5
Pandemonium: Depths:3
Trove: D:12 (give 7 scrolls of blinking)

Annotations:
Elf:1 6 runed translucent doors
Elf:2 5 runed translucent doors
Zot:4 2 transporters
Zot:5 exclusion: door


Innate Abilities, Weirdness & Mutations

You are resistant to torment.
Your stone body is resilient. (AC +20)
You are immune to poison.
Your large and strong wings let you fly indefinitely.
You resist negative energy. (rN+)
You are resistant to electric shocks. (rElec)
You can survive without breathing.
You are immune to petrification.
You are immune to rotting.
You are partially covered in yellow scales. (AC +2)
You have supernaturally acute eyesight. (SInv)
You are agile. (Dex +2)
Your flesh is cold resistant. (rC+)
Armour fits poorly on your strangely shaped body.
You are somewhat resistant to further mutation.
You do not regenerate when monsters are visible.
Your spells are a little harder to cast, but a little more powerful.
Potions are less effective at restoring your health.


Message History

* * * LOW HITPOINT WARNING * * *
The torturous warmonger shouts!
Unknown command.
Unknown command.
Unknown command.
Casting: Shatter (dangerous; 1% risk of failure)
Confirm with . or Enter, or press ? or * to list all spells.
You're too dead.
Press: ? - help, Dir - move target cursor
As you read the scroll of blinking, it crumbles to dust.
You feel yourself come back to life.
Unknown command.
Unknown command.
Unknown command.
Casting: Death's Door (dangerous; 38% risk of failure)
Confirm with . or Enter, or press ? or * to list all spells.
You miscast Death's Door.
You are very lightly contaminated with residual magic.
You shiver with cold!
You partially resist.
You feel drained.
You die...

▓▓▓▓▓▓▓▓▓▓▓
▓▓..........
▓▓.........[.
▓▓............
▓▓...........)6
▓▓..........[.22
▓▓..............1
▓.@......§...)1)6
▓▓.............)2
▓▓..........)..2
▓▓..........).)
▓▓...........)
▓▓..........)
▓▓..........
▓▓▓▓▓▓▓▓▓▓▓


There were no monsters in sight!

Vanquished Creatures
  Dissolution (Slime:3)
  the Royal Jelly (Slime:5)
  The ghost of Erhaimih the Impregnable, a legendary DDNe of Makhleb (Zig:17)
  18 ancient liches
  20 orbs of fire
  The ghost of Muffal the Impregnable, a legendary FoFi of the Shining One (Zig:17)
  41 juggernauts
  The ghost of Ewke the Cloud Mage, a legendary MfTm of Cheibriados (Zot:1)
  19 greater mummies
  The ghost of ggul009 the Malleable, a legendary SpDe of Okawaru (Zig:17)
  Sojobo (Crypt:2)
  Margery (Depths:3)
  the Lernaean hydra (Swamp:4)
  68 Killer Klowns
  21 shard shrikes
  Saint Roka (Vaults:2)
  Xtahua (Vaults:3)
  Vashnia (Snake:2)
  The ghost of Icuofef the Sorcerer, a veteran SpEn of Dithmenos (Zig:25)
  The ghost of Icuofef the Sorcerer, a veteran SpEn of Dithmenos (Zig:17)
  8 caustic shrikes
  38 golden dragons
  3 profane servitors
  6 curse toes
  Jory (Crypt:3)
  65 pandemonium lords
  6 doom hounds
  24 liches
  18 bone dragons
  7 Tzitzimimeh
  6 Brimstone Fiends
  14 electric golems
  6 hellephants
  26 iron giants
  25 Orb Guardians (Zot:5)
  30 Ice Fiends
  17 Hell Sentinels
  55 tentacled monstrosities
  29 deep elf master archers
  34 titans
  20 quicksilver dragons
  20 deep elf blademasters
  115 acid blobs
  7 Executioners
  A quicksilver dragon (shapeshifter) (Zig:15)
  An acid blob (shapeshifter) (Zig:21)
  12 death cobs
  Gastronok (Lair:3)
  16 tentacled starspawn
  7 sphinxes (shapeshifter)
  5 thorn hunters
  10 ancient champions
  3 shadow dragons (shapeshifter)
  37 storm dragons
  8 sphinxes
  21 draconian monks
  72 nagarajas
  17 shadow dragons
  16 tengu reavers
  3 fire giants (shapeshifter)
  31 fire giants
  31 azure jellies
  2 azure jellies (shapeshifter) (Zig:27)
  A daeva (Zot:1)
  22 revenants
  9 iron dragons
  Louise (Snake:4)
  21 draconian scorchers
  32 frost giants
  3 frost giants (shapeshifter)
  10 deep elf sorcerers
  23 balrugs
  28 vault wardens
  9 juggernaut zombies
  35 orc warlords
  An angel (Zig:25)
  9 cacodemons
  21 ghost moths
  25 draconian knights
  62 reapers
  4 deep elf elementalists
  15 curse skulls
  Aizul (Snake:2)
  7 caustic shrike zombies
  18 draconian shifters
  12 draconian stormcallers
  7 warmongers
  14 entropy weavers
  11 emperor scorpions
  13 war gargoyles
  An emperor scorpion (shapeshifter) (Depths:5)
  12 caustic shrike skeletons
  17 draconian annihilators
  5 ghouls
  43 stone giants
  9 juggernaut skeletons
  A stone giant (shapeshifter) (Zig:13)
  18 ironheart preservers
  3 spriggan defenders (Depths:4)
  33 vampire knights
  38 very ugly things
  3 blood saints
  17 green draconians
  An entropy weaver (shapeshifter) (Zig:15)
  6 lorocyprocas
  28 deep elf demonologists
  10 black suns
  23 deep elf annihilators
  12 bennus (Zig:23)
  19 purple draconians
  Nessos (D:12)
  14 corrupters
  18 black draconians
  7 dire elephants
  14 white draconians
  Azrael (D:14)
  30 yellow draconians
  3 dire elephants (shapeshifter)
  16 spark wasps
  An ettin (shapeshifter) (Zig:15)
  15 deep elf death magi
  21 red draconians
  7 quicksilver dragon zombies
  20 eidola
  29 ettins
  4 merfolk impalers
  15 merfolk javelineers
  51 blizzard demons
  16 death oozes
  A crystal guardian (Zot:1)
  17 green deaths
  28 deep elf high priests
  27 jiangshi
  20 yaktaur captains
  28 fire dragons
  16 mummy priests
  A monstrous demonspawn (Depths:3)
  Harold (D:7)
  33 naga warriors
  30 great orbs of eyes
  9 rakshasas
  6 hell beasts (Zig:15)
  An ice dragon (shapeshifter) (Depths:3)
  61 hydras
  47 ice dragons
  35 vault guards
  A merfolk avatar (Zig:22)
  An anaconda (shapeshifter) (Zig:27)
  15 spriggan air magi
  20 ghost crabs
  4 quicksilver dragon skeletons (Zig:26)
  45 two-headed ogres
  19 anacondas
  4 catoblepae
  4 death knights
  3 alligator snapping turtles (shapeshifter)
  31 shambling mangroves
  9 alligator snapping turtles
  7 death scarabs
  61 dancing weapons
  28 alligators
  18 centaur warriors
  A two-headed ogre (shapeshifter) (Zig:21)
  5 satyrs
  14 death yaks
  8 tengu warriors
  11 deep troll earth magi
  13 merfolk aquamancers
  A queen ant (shapeshifter) (Zig:17)
  13 vampire magi
  6 hell hogs
  21 ogre magi
  6 deep troll shamans
  22 orc high priests
  3 shock serpents (shapeshifter)
  32 shock serpents
  4 spriggan berserkers (Depths:3)
  Urug (D:13)
  44 deep elf knights
  19 thrashing horrors
  13 titan skeletons
  12 titan zombies
  12 soul eaters
  7 sun demons
  12 storm dragon zombies
  42 naga sharpshooters
  3 iron golems
  10 spatial maelstroms
  24 wretched stars
  15 golden dragon zombies
  A spark wasp zombie (Depths:1)
  8 fire crabs
  8 hell knights
  5 salamander mystics
  14 shadow wraiths
  5 sixfirhies
  17 death drakes
  3 unseen horrors (shapeshifter)
  14 glowing orange brains
  14 iron trolls
  2 infernal demonspawn (Zig:15)
  77 skeletal warriors
  A fire crab (shapeshifter) (Zig:23)
  A gelid demonspawn (Zig:12)
  34 flayed ghosts
  43 starcursed masses
  A deep troll (shapeshifter) (Depths:3)
  3 glowing orange brains (shapeshifter)
  7 shadow demons
  2 torturous demonspawn
  5 storm dragon skeletons
  8 obsidian statues
  5 unseen horrors
  A sea snake (shapeshifter) (Zig:8)
  17 tengu zombies
  39 deep elf archers
  41 swamp dragons
  23 deep trolls
  2 sea snakes
  15 naga ritualists
  20 spriggan druids
  8 orange crystal statues
  9 golden dragon skeletons
  A spectral wolf spider (Crypt:3)
  A wizard (D:14)
  A lindwurm (shapeshifter) (Zig:21)
  12 necromancers
  A lindwurm (Lair:6)
  6 shadow dragon zombies
  20 phantasmal warriors
  A wolf spider (shapeshifter) (Zig:27)
  Pikel (D:5)
  14 wolf spiders
  A swamp dragon (shapeshifter) (Zig:22)
  9 sphinx zombies
  14 harpies
  17 ironbrand convokers
  74 ugly things
  9 iron dragon zombies
  9 mana vipers
  27 shining eyes
  22 orc knights
  20 orb spiders
  2 fauns (shapeshifter)
  A mana viper (shapeshifter) (Zig:27)
  A spectral ettin (Crypt:3)
  5 manticores
  135 deep elf magi
  11 shadow dragon skeletons
  4 fauns (Zig:18)
  A stone giant zombie (Zig:8)
  An oklob plant (Lair:3)
  4 worldbinders
  2 moths of wrath (shapeshifter)
  2 manticores (shapeshifter)
  24 orc sorcerers
  A salamander (shapeshifter) (Vaults:2)
  A cyclops (shapeshifter) (Zig:13)
  A glowing shapeshifter (Zig:13)
  8 sphinx skeletons
  6 tengu skeletons
  24 cyclopes
  28 salamanders
  5 frost giant zombies
  An iron dragon skeleton (Zig:22)
  A fire giant zombie (Zig:4)
  18 rust devils
  2 fire giant skeletons (Depths:1)
  37 moths of wrath
  Joseph (D:8)
  An elephant (shapeshifter) (Zig:21)
  11 elephants
  3 merfolk sirens
  22 guardian serpents
  41 naga magi
  29 apocalypse crabs
  15 smoke demons
  20 vault sentinels
  9 ice statues
  2 stone giant skeletons (Depths:1)
  83 black mambas
  2 torpor snails (shapeshifter)
  A water nymph (shapeshifter) (Zig:13)
  A titan simulacrum (Zig:24)
  13 eyes of devastation
  3 orange demons
  An elephant slug zombie (Crypt:1)
  2 water nymphs (Zig:10)
  A black mamba (shapeshifter) (Zig:19)
  5 gargoyles
  2 cane toads (shapeshifter)
  41 cane toads
  A molten gargoyle (Depths:3)
  6 spriggan skeletons
  2 torpor snails
  4 centaur skeletons
  A frost giant skeleton (Zig:9)
  21 hellions
  8 demonic crawlers
  13 rime drakes
  15 spriggan zombies
  84 yaktaurs
  36 tormentors
  59 freezing wraiths
  12 efreet
  2 komodo dragons (shapeshifter)
  A rime drake (shapeshifter) (Depths:3)
  7 komodo dragons
  A yaktaur (shapeshifter) (Zig:16)
  37 guardian mummies
  5 red devils
  A queen bee (shapeshifter) (Zig:25)
  A golden dragon simulacrum (Zig:4)
  9 tengu conjurers
  A green draconian skeleton (Crypt:2)
  50 ice devils
  7 hellwings
  3 merfolk (shapeshifter)
  22 trolls
  3 meliai
  A hydra zombie (Crypt:1)
  3 wind drakes (Zig:20)
  68 hornets
  A jumping spider (shapeshifter) (Zig:17)
  A yaktaur skeleton (Depths:1)
  24 merfolk
  4 silent spectres
  2 polar bears (Lair:6)
  A polar bear (shapeshifter) (Zig:19)
  Grinder (D:4)
  15 ancient zymes
  23 tyrant leeches
  A tengu simulacrum (Vaults:1)
  2 wind drakes (shapeshifter)
  15 jumping spiders
  A hornet (shapeshifter) (Zig:9)
  29 raiju
  A snapping turtle (shapeshifter) (Zig:13)
  A shadow dragon simulacrum (Zig:24)
  A tarantella zombie (Crypt:1)
  An ettin zombie (Crypt:2)
  16 bog bodies
  2 raiju (shapeshifter)
  2 slime creatures (shapeshifter)
  A sphinx simulacrum (Depths:4)
  12 hippogriffs
  2 hippogriffs (shapeshifter)
  141 slime creatures
  21 blink frogs
  2 snapping turtles
  An iron dragon simulacrum (Zig:23)
  25 air elementals
  84 flying skulls
  An ettin skeleton (Zig:2)
  A fire giant simulacrum (Vaults:4)
  17 redbacks
  A spriggan simulacrum (Zig:23)
  2 tarantellas (shapeshifter)
  10 ynoxinuls
  A spriggan (shapeshifter) (Depths:3)
  58 large abominations
  19 shadows
  3 redbacks (shapeshifter)
  32 wraiths
  7 fire bats (Depths:3)
  An ice dragon skeleton (Depths:1)
  A deep troll skeleton (Zig:3)
  15 spriggans
  10 tarantellas
  15 water elementals
  4 wyverns
  16 humans (D:13)
  A vampire (Zig:25)
  23 fire elementals
  15 ushabtiu
  4 basilisks (shapeshifter)
  58 yaks
  13 golden eyes
  4 hogs (shapeshifter)
  22 vampire mosquitoes
  5 basilisks
  3 steam dragons (Zig:20)
  9 neqoxecs
  25 chaos spawn
  34 insubstantial wisps
  A yaktaur simulacrum (Vaults:2)
  17 swamp worms
  12 wargs
  7 acid dragons
  7 spatial vortices
  A harpy simulacrum (Vaults:1)
  94 nagas
  A soldier ant (D:15)
  37 hell hounds
  13 water moccasins
  37 small abominations
  7 floating eyes
  6 porcupines
  13 ice beasts
  82 orc warriors
  An ettin simulacrum (Vaults:2)
  29 eyes of draining
  3 sky beasts
  A black bear (D:9)
  6 phantoms
  26 swamp drakes
  An eye of draining (shapeshifter) (Zig:16)
  31 necrophages
  7 wolves
  5 boggarts
  33 centaurs
  90 ogres
  16 crocodiles
  19 elf skeletons
  A blink frog skeleton (Crypt:2)
  2 big kobolds
  35 elf zombies
  21 bullfrogs
  A glowing shapeshifter simulacrum (Zig:23)
  A human simulacrum (Zig:2)
  2 gnoll sergeants
  17 earth elementals
  A wyvern skeleton (D:10)
  4 scorpions
  12 wights
  6 elf simulacra
  10 killer bees
  8 howler monkeys
  16 electric eels
  A troll skeleton (D:7)
  3 bullfrog zombies
  2 centaur zombies
  A lava snake (D:9)
  4 quasits
  A hound (shapeshifter) (Vaults:3)
  8 hounds
  4 human zombies
  4 jellies
  A bullfrog skeleton (D:11)
  26 orc priests
  30 iron imps
  2 human skeletons
  9 worker ants
  9 iguanas
  32 orc wizards
  A porcupine skeleton (Crypt:1)
  An acid dragon zombie (Crypt:1)
  An ogre zombie (D:7)
  A demigod zombie (Crypt:1)
  A naga skeleton (Crypt:2)
  A hound zombie (D:5)
  2 hound skeletons
  71 mummies
  A worker ant zombie (D:5)
  19 gnolls
  A scorpion zombie (Crypt:2)
  5 adders
  10 shadow imps
  39 white imps
  An ufetubus (Abyss:2)
  An ooze (D:5)
  An adder zombie (D:10)
  2 adder skeletons
  3 dart slugs (D:1)
  5 leopard geckos
  113 orcs
  2 ball pythons
  8 giant cockroaches
  A gnoll zombie (Crypt:2)
  11 goblins
  5 hobgoblins
  5 jackals
  2 quokkas
  7 bats
  8 frilled lizards
  3 jackal skeletons
  13 kobolds
  A leopard gecko skeleton (D:3)
  A leopard gecko zombie (D:6)
  2 quokka skeletons
  7 rats
  10 blocks of ice
  28 briar patches (Zig:18)
  A bush (Lair:6)
  6 crawling corpses (Elf:3)
  130 fire vortices
  5 starspawn tentacles (Zig:25)
7184 creatures vanquished.

Vanquished Creatures (collateral kills)
  The ghost of Hores the Ruinous, a legendary GrEE of Vehumet (Zig:17)
  A Killer Klown (Zig:17)
  8 acid blobs
  A ghost moth (shapeshifter) (Zig:17)
  A corrupter (Zig:5)
  A jiangshi (Crypt:2)
  A shambling mangrove (Zig:5)
  A vampire mage (Crypt:2)
  A soul eater (Crypt:2)
  A storm dragon skeleton (Zig:17)
  2 phantasmal warriors (Crypt:2)
  A cane toad (Zig:6)
  3 slime creatures
  A raiju (Zig:5)
  A yak (Zig:6)
  A floating eye (Zig:27)
  A mummy (Zig:3)
27 creatures vanquished.

Vanquished Creatures (others)
  A pandemonium lord (Zig:27)
  A titan (Zig:21)
  A storm dragon (Zig:5)
  A two-headed ogre (Depths:4)
  Sonja (D:11)
  A frost giant zombie (Zig:11)
  An ugly thing (D:11)
  A hellion (Zig:7)
  A slime creature (D:14)
  A blink frog (shapeshifter) (Depths:4)
  A centaur simulacrum (D:14)
  A fire bat (shapeshifter) (Zig:16)
  A fire bat (Depths:3)
  A vampire mosquito (Zig:18)
  A naga (Snake:4)
  An orc wizard (Elf:1)
  2 shadow imps (Zig:24)
  A white imp (Zig:9)
  3 orcs (Elf:1)
  15 blocks of ice
  A briar patch (Zig:18)
  266 fire vortices
  26 fungi
  28 plants
  7 starspawn tentacles
365 creatures vanquished.

Grand Total: 7576 creatures vanquished

Notes
Turn   | Place    | Note
-------+----------+-------------------------------------------
     0 | D:1      | Hores the Gargoyle Earth Elementalist began the quest for
                  | the Orb.
     0 | D:1      | Reached XP level 1. HP: 10/10 MP: 3/3
    68 | D:1      | Reached XP level 2. HP: 12/15 MP: 0/5
   519 | D:1      | Reached XP level 3. HP: 19/19 MP: 6/6
   524 | D:1      | Learned a level 3 spell: Stone Arrow
  1436 | D:2      | Reached skill level 1 in Conjurations
  1436 | D:2      | Reached XP level 4. HP: 17/24 MP: 0/8
  1825 | D:3      | Reached skill level 5 in Earth Magic
  1859 | D:3      | Reached XP level 5. HP: 28/28 MP: 5/9
  1934 | D:3      | Noticed a sky beast
  2304 | D:3      | Gained mutation: You are weak. (Str -2) [potion of
                  | mutation]
  2304 | D:3      | Lost mutation: You are weak. (Str -2) [potion of mutation]
  2660 | D:3      | Noticed a phantom
  2716 | D:3      | Killed a phantom
  2716 | D:3      | Reached XP level 6. HP: 26/32 MP: 0/11
  2770 | D:3      | Killed a sky beast
  3323 | D:4      | Reached XP level 7. HP: 36/36 MP: 6/13
  3675 | D:4      | Noticed Grinder
  3679 | D:4      | Paralysed by Grinder for 6 turns
  3685 | D:4      | Killed Grinder
  3825 | D:4      | Gained mutation: You are occasionally teleported next to
                  | monsters. [potion of mutation]
  3825 | D:4      | Gained mutation: You expend magic power (3 MP) to
                  | strengthen your wands. [potion of mutation]
  3988 | D:4      | Reached XP level 8. HP: 37/42 MP: 2/15
  4003 | D:4      | Reached skill level 1 in Maces & Flails
  4003 | D:4      | Reached skill level 1 in Armour
  4106 | D:4      | Reached skill level 1 in Fighting
  4443 | D:4      | Reached skill level 5 in Spellcasting
  4568 | D:5      | Entered Level 5 of the Dungeon
  4701 | D:5      | Found a staircase to the Ecumenical Temple.
  4713 | Temple   | Entered the Ecumenical Temple
  4806 | Temple   | Became a worshipper of Vehumet
  4876 | D:5      | Got a polished cloak
  4887 | D:5      | Identified the +0 cloak of Experimentation {*Corrode rPois
                  | MR+} (You found it on level 5 of the Dungeon)
  4902 | D:5      | Noticed Pikel
  4926 | D:5      | Killed Pikel
  4926 | D:5      | Reached skill level 5 in Conjurations
  5250 | D:5      | Found a sparkling altar of Nemelex Xobeh.
  5389 | D:5      | Reached XP level 9. HP: 49/49 MP: 14/17
  5470 | D:5      | Learned a level 5 spell: Lee's Rapid Deconstruction
  5810 | D:5      | Reached * piety under Vehumet
  5810 | D:5      | Offered knowledge of Shock by Vehumet.
  7174 | D:6      | Learned a level 2 spell: Passwall
  7704 | D:7      | Reached skill level 1 in Evocations
  7731 | D:7      | Noticed Harold
  7749 | D:7      | Killed Harold
  7749 | D:7      | Reached XP level 10. HP: 29/58 MP: 0/19
  7899 | D:7      | Lost mutation: You expend magic power (3 MP) to strengthen
                  | your wands. [potion of mutation]
  7899 | D:7      | Lost mutation: You are occasionally teleported next to
                  | monsters. [potion of mutation]
  7899 | D:7      | Gained mutation: You are frail. (-10% HP) [potion of
                  | mutation]
  7899 | D:7      | Gained mutation: You expend magic power (3 MP) to
                  | strengthen your wands. [potion of mutation]
  7899 | D:7      | Gained mutation: You are partially covered in thin metallic
                  | scales. (AC +2) [potion of mutation]
  7900 | D:7      | Found Oqimulojui's Antique Weapon Shop.
  8002 | D:7      | Offered knowledge of Searing Ray by Vehumet.
  8018 | D:7      | Reached ** piety under Vehumet
  8627 | D:7      | Found Impaq's Distillery.
  8635 | D:7      | Bought a potion of invisibility for 120 gold pieces
  8635 | D:7      | Bought a potion of heal wounds for 75 gold pieces
  8635 | D:7      | Bought a potion of heal wounds for 75 gold pieces
  8885 | D:7      | Found a basalt altar of Yredelemnul.
  9702 | D:8      | Noticed a two-headed ogre
  9708 | D:8      | Killed a two-headed ogre
  9708 | D:8      | Reached skill level 5 in Fighting
  9708 | D:8      | Reached skill level 5 in Armour
 10128 | D:8      | Offered knowledge of Dazzling Flash by Vehumet.
 10536 | D:8      | Reached *** piety under Vehumet
 10621 | D:8      | Reached XP level 11. HP: 50/57 MP: 21/21
 10870 | D:8      | Found Aliyneef's Distillery.
 10877 | D:8      | Bought a potion of magic for 80 gold pieces
 10877 | D:8      | Bought a potion of invisibility for 80 gold pieces
 10877 | D:8      | Bought a potion of curing for 30 gold pieces
 10877 | D:8      | Bought a potion of might for 40 gold pieces
 11029 | D:8      | Noticed Joseph
 11047 | D:8      | Killed Joseph
 11047 | D:8      | Reached skill level 5 in Maces & Flails
 11659 | D:9      | Offered knowledge of Frozen Ramparts by Vehumet.
 11791 | D:9      | Found Qyblin's Antique Armour Boutique.
 11831 | D:9      | You fall into a shaft and drop 2 floors!
 11859 | D:11     | Noticed a purple ugly thing
 12063 | D:11     | Noticed Sonja
 12069 | D:10     | Entered Level 10 of the Dungeon
 12748 | D:9      | Identified a scroll of acquirement
 12748 | D:9      | Acquired the amulet of Yviosiehywk {Reflect Int+7 SH+5
                  | Stlth+}
 13667 | D:10     | Reached **** piety under Vehumet
 13679 | D:10     | Noticed an unseen horror
 13902 | D:10     | Reached skill level 5 in Dodging
 14090 | D:10     | Killed a purple ugly thing
 14221 | D:10     | Offered knowledge of Sticky Flame by Vehumet.
 14674 | D:10     | Reached skill level 10 in Earth Magic
 14779 | D:10     | Killed an unseen horror
 15123 | D:10     | Reached ***** piety under Vehumet
 15248 | D:10     | Found a staircase to the Orcish Mines.
 15336 | D:9      | Bought a runed hat for 168 gold pieces
 15427 | D:11     | Noticed a cyan ugly thing
 15456 | D:11     | Reached XP level 12. HP: 63/63 MP: 17/23
 15471 | D:11     | Offered knowledge of Iskenderun's Battlesphere by Vehumet.
 15678 | D:11     | Found a staircase to the Lair.
 16286 | D:11     | Learned a level 5 spell: Fireball
 16312 | D:11     | Killed Sonja
 16870 | D:12     | Noticed Nessos
 16870 | D:12     | Noticed a four-headed hydra
 17073 | D:12     | Killed Nessos
 17073 | D:12     | Reached skill level 1 in Fire Magic
 17073 | D:12     | Reached skill level 5 in Evocations
 17084 | D:12     | Killed a four-headed hydra
 17092 | D:12     | Noticed a two-headed ogre
 17106 | D:12     | Killed a two-headed ogre
 17559 | D:12     | Found a portal to a secret trove of treasure.
 18144 | D:13     | Found Kefyvent's Armour Boutique.
 18302 | D:13     | Noticed a centaur warrior
 18307 | D:13     | Noticed Urug
 18309 | D:13     | Killed a centaur warrior
 18309 | D:13     | Noticed a centaur warrior
 18316 | D:13     | Killed a centaur warrior
 18316 | D:13     | Reached XP level 13. HP: 70/70 MP: 12/25
 18319 | D:13     | Killed Urug
 18330 | D:13     | Offered knowledge of Yara's Violent Unravelling by Vehumet.
 18491 | D:13     | Found a gate to the Vaults.
 18639 | D:13     | Reached skill level 5 in Fire Magic
 19114 | D:13     | Learned a level 6 spell: Starburst
 19512 | D:14     | Noticed a lich
 19516 | D:14     | Paralysed by a lich for 3 turns
 19518 | D:14     | HP: 2/71 [disintegration (48)]
 19519 | D:14     | Killed a lich
 19643 | D:14     | Noticed a deep elf annihilator
 19646 | D:14     | Killed a deep elf annihilator
 19663 | D:14     | Identified the ring "Kymipag" {Fire +Fly rN+ MR+ Str+2
                  | Dex-4}
 19663 | D:14     | Noticed a deep elf sorcerer
 19665 | D:14     | Killed a deep elf sorcerer
 19665 | D:14     | Reached skill level 10 in Conjurations
 19673 | D:14     | Noticed Azrael
 19680 | D:14     | Killed Azrael
 19697 | D:14     | Gained mutation: Your large and strong wings let you fly
                  | indefinitely. [Gargoyle growth]
 19697 | D:14     | Reached XP level 14. HP: 38/75 MP: 3/27
 20150 | D:14     | Found the +3 giant club "Skullcrusher" {speed, Str+7}
 20939 | Lair:1   | Entered Level 1 of the Lair of Beasts
 21027 | Lair:1   | Lost mutation: You are frail. (-10% HP) [potion of
                  | mutation]
 21027 | Lair:1   | Lost mutation: You are partially covered in thin metallic
                  | scales. (AC +2) [potion of mutation]
 21027 | Lair:1   | Lost mutation: You expend magic power (3 MP) to strengthen
                  | your wands. [potion of mutation]
 21027 | Lair:1   | Gained mutation: You are surrounded by a mild repulsion
                  | field. (EV +2) [potion of mutation]
 21027 | Lair:1   | Gained mutation: You are agile. (Dex +2) [potion of
                  | mutation]
 21027 | Lair:1   | Gained mutation: You tend to lose your temper in combat.
                  | [potion of mutation]
 21027 | Lair:1   | Gained mutation: You have a pair of small antennae on your
                  | head. [potion of mutation]
 21402 | Lair:1   | Offered knowledge of Iron Shot by Vehumet.
 21410 | Lair:1   | Learned a level 6 spell: Iron Shot
 21906 | Lair:2   | Got a transparent rapier
 21907 | Lair:2   | Identified the +4 rapier of the Trees {vorpal, +Inv rC+}
                  | (You found it on level 2 of the Lair of Beasts)
 22834 | Lair:2   | Found a staircase to the Swamp.
 23718 | Lair:3   | Found a staircase to the Snake Pit.
 23741 | Lair:3   | Noticed Gastronok
 23756 | Lair:3   | Killed Gastronok
 23812 | Lair:3   | Found a snail-covered altar of Cheibriados.
 24025 | Lair:3   | Identified the +5 flail "Tiohokk" {vorpal, rC+} (You found
                  | it on level 3 of the Lair of Beasts)
 24529 | Lair:4   | Lost mutation: You have a pair of small antennae on your
                  | head. [potion of mutation]
 24529 | Lair:4   | Lost mutation: You are agile. (Dex +2) [potion of mutation]
 24529 | Lair:4   | Lost mutation: You tend to lose your temper in combat.
                  | [potion of mutation]
 24529 | Lair:4   | Gained mutation: You expend magic power (3 MP) to
                  | strengthen your wands. [potion of mutation]
 24529 | Lair:4   | Gained mutation: You are frail. (-10% HP) [potion of
                  | mutation]
 24529 | Lair:4   | Gained mutation: You possess an exceptional clarity of
                  | mind. [potion of mutation]
 25199 | Lair:5   | Found a viscous altar of Jiyva.
 25212 | Lair:5   | Found a staircase to the Slime Pits.
 25341 | Lair:5   | Offered knowledge of Lightning Bolt by Vehumet.
 25718 | Lair:6   | Entered Level 6 of the Lair of Beasts
 25722 | Lair:6   | Reached XP level 15. HP: 82/82 MP: 23/28
 26034 | Lair:6   | Reached skill level 10 in Fighting
 26428 | Lair:6   | Reached skill level 10 in Spellcasting
 26462 | Lair:6   | Offered knowledge of Bolt of Magma by Vehumet.
 26514 | Lair:6   | Reached skill level 10 in Fire Magic
 27285 | Orc:1    | Entered Level 1 of the Orcish Mines
 27295 | Orc:1    | Found a dark tunnel.
 27300 | Volcano  | Entered a volcano
 27871 | Orc:1    | Found a bloodstained altar of Trog.
 28232 | Orc:1    | Found Buhepnuj's Jewellery Shoppe.
 28428 | Orc:2    | Entered Level 2 of the Orcish Mines
 28530 | Orc:2    | Found a staircase to the Elven Halls.
 28607 | Orc:2    | Found Haenim's Jewellery Emporium.
 28608 | Orc:2    | Found Neihicui's Weapon Shop.
 28617 | Orc:2    | Reached XP level 16. HP: 77/89 MP: 30/30
 28657 | Orc:2    | Reached skill level 10 in Maces & Flails
 28707 | Orc:2    | Found Catwimni's Book Shoppe.
 28710 | Orc:2    | Found Iledison's Antique Armour Shoppe.
 28719 | Orc:2    | Bought a bloodstained buckler for 190 gold pieces
 28719 | Orc:2    | Identified the cursed +0 buckler of Fizam {rC+ rCorr Int+6}
                  | (You bought it in a shop on level 2 of the Orcish Mines)
 28855 | Orc:2    | Found a roughly hewn altar of Beogh.
 29204 | D:15     | Entered Level 15 of the Dungeon
 29300 | D:15     | Found a staircase to the Depths.
 29458 | D:15     | Reached skill level 1 in Shields
 29499 | D:15     | Found a shimmering blue altar of Sif Muna.
 30152 | D:15     | Found Aprud's General Store.
 30160 | D:15     | Bought a potion of haste for 160 gold pieces
 30160 | D:15     | Bought a potion of invisibility for 128 gold pieces
 30160 | D:15     | Bought a scroll of identify for 32 gold pieces
 30242 | D:15     | Reached ****** piety under Vehumet
 30717 | Snake:1  | Entered Level 1 of the Snake Pit
 30916 | Snake:1  | Offered knowledge of Irradiate by Vehumet.
 31336 | Snake:1  | Lost mutation: You possess an exceptional clarity of mind.
                  | [potion of mutation]
 31336 | Snake:1  | Lost mutation: You expend magic power (3 MP) to strengthen
                  | your wands. [potion of mutation]
 31336 | Snake:1  | Lost mutation: You are surrounded by a mild repulsion
                  | field. (EV +2) [potion of mutation]
 31336 | Snake:1  | Gained mutation: You are partially covered in yellow
                  | scales. (AC +2) [potion of mutation]
 31336 | Snake:1  | Gained mutation: You tend to lose your temper in combat.
                  | [potion of mutation]
 31336 | Snake:1  | Gained mutation: Armour fits poorly on your strangely
                  | shaped body. [potion of mutation]
 31336 | Snake:1  | Gained mutation: You can translocate small distances at
                  | will. [potion of mutation]
 31859 | Snake:2  | Noticed Aizul
 31868 | Snake:2  | Killed Aizul
 31873 | Snake:2  | Reached XP level 17. HP: 46/93 MP: 5/31
 32564 | Snake:2  | Noticed Vashnia
 32578 | Snake:2  | Killed Vashnia
 33092 | Snake:2  | Found Kikil's Jewellery Shop.
 33092 | Snake:2  | Found Jixuh's Gadget Emporium.
 33093 | Snake:2  | Found Kaoh Dats's Jewellery Shop.
 33108 | Snake:2  | Bought the ring of Shadows {Umbra +Inv Stlth+} for 520 gold
                  | pieces
 33108 | Snake:2  | Found the ring of Shadows {Umbra +Inv Stlth+}
 34131 | Snake:3  | Found Xekity's Antique Armour Boutique.
 34948 | Snake:3  | Offered knowledge of Chain Lightning by Vehumet.
 35477 | Snake:4  | Entered Level 4 of the Snake Pit
 35564 | Snake:4  | Noticed Louise
 35581 | Snake:4  | Cast into level 2 of the Abyss (Louise)
 35920 | Abyss:2  | Noticed a tentacled starspawn
 35929 | Abyss:2  | Killed a tentacled starspawn
 36152 | Snake:4  | Escaped the Abyss
 36373 | Swamp:1  | Entered Level 1 of the Swamp
 36506 | Swamp:1  | Reached XP level 18. HP: 100/100 MP: 18/33
 37260 | Swamp:1  | Learned a level 8 spell: Ignition
 37715 | Swamp:2  | Offered knowledge of Lehudib's Crystal Spear by Vehumet.
 37715 | Swamp:2  | Offered knowledge of Fire Storm by Vehumet.
 37715 | Swamp:2  | Offered knowledge of Shatter by Vehumet.
 37862 | Swamp:2  | You are sucked into a shaft and drop 1 floor!
 38266 | Swamp:2  | Found a runed translucent door.
 38973 | Swamp:2  | Identified the +4 rapier of Action {freeze, *Corrode rN+
                  | SInv}
 38973 | Swamp:2  | Identified the ring "Maerghuf" {MR+ Str+4 Stlth-}
 40697 | Swamp:4  | Entered Level 4 of the Swamp
 41284 | Swamp:4  | Reached skill level 10 in Dodging
 41396 | Swamp:4  | Noticed the 27-headed Lernaean hydra
 41400 | Swamp:4  | Killed the 27-headed Lernaean hydra
 41400 | Swamp:4  | Reached skill level 15 in Earth Magic
 41464 | Swamp:4  | Got a decaying rune of Zot
 42116 | Snake:4  | Reached XP level 19. HP: 106/106 MP: 34/34
 42247 | Snake:4  | Killed Louise
 44130 | Snake:4  | Got a serpentine rune of Zot
 44683 | Elf:1    | Entered Level 1 of the Elven Halls
 45070 | Elf:1    | Lost mutation: Armour fits poorly on your strangely shaped
                  | body. [potion of mutation]
 45070 | Elf:1    | Lost mutation: You are frail. (-10% HP) [potion of
                  | mutation]
 45070 | Elf:1    | Lost mutation: You tend to lose your temper in combat.
                  | [potion of mutation]
 45070 | Elf:1    | Gained mutation: You are dopey. (Int -2) [potion of
                  | mutation]
 45070 | Elf:1    | Gained mutation: You are somewhat resistant to further
                  | mutation. [potion of mutation]
 45070 | Elf:1    | Gained mutation: Your spells are a little harder to cast,
                  | but a little more powerful. [potion of mutation]
 45353 | Elf:1    | Found Wuruck's Distillery.
 45370 | Elf:1    | Bought a potion of might for 56 gold pieces
 45370 | Elf:1    | Bought a potion of might for 56 gold pieces
 45370 | Elf:1    | Bought a potion of ambrosia for 112 gold pieces
 45370 | Elf:1    | Bought a potion of haste for 140 gold pieces
 45370 | Elf:1    | Bought a potion of might for 56 gold pieces
 45370 | Elf:1    | Bought a potion of curing for 42 gold pieces
 45829 | Elf:1    | Noticed a Hell Sentinel
 45861 | Elf:1    | Found a runed translucent gate.
 45861 | Elf:1    | Found a runed translucent gate.
 45861 | Elf:1    | Found a runed translucent gate.
 45861 | Elf:1    | Found a runed translucent gate.
 45861 | Elf:1    | Found a runed translucent gate.
 45862 | Elf:1    | Found a runed translucent gate.
 46022 | Elf:2    | Reached XP level 20. HP: 111/125 MP: 36/36
 46022 | Elf:2    | Reached skill level 15 in Fire Magic
 46083 | Elf:2    | Found Huidd's Armour Shop.
 46083 | Elf:2    | Found Kehekk's Weapon Boutique.
 46854 | Elf:2    | Found a huge runed translucent gate.
 46854 | Elf:2    | Found a huge runed translucent gate.
 46854 | Elf:2    | Found a huge runed translucent gate.
 46854 | Elf:2    | Found a huge runed translucent gate.
 46854 | Elf:2    | Found a huge runed translucent gate.
 47023 | Elf:3    | Entered Level 3 of the Elven Halls
 48525 | Elf:3    | Found the amulet of the Four Winds {rN+ MR+++ Clar}
 48534 | Elf:3    | Identified the +7 short sword of Edghemiat {elec, rF+
                  | Int+4}
 48536 | Elf:3    | Identified the +1 leather armour of a ziggurat {Regen+
                  | Str+9}
 48536 | Elf:3    | Identified the ring "Fawkawk" {*Slow +Fly MR+ Str+5 Int-5}
 48675 | Elf:3    | Found the +8 longbow "Zephyr" {speed, Dex+3 SInv}
 48751 | Elf:3    | Identified the Grimoire of the Oath and Changing
 49136 | Vaults:1 | Entered Level 1 of the Vaults
 49433 | Vaults:1 | Reached XP level 21. HP: 132/132 MP: 25/38
 49589 | Vaults:1 | You are sucked into a shaft and drop 1 floor!
 49596 | Vaults:2 | Noticed Saint Roka
 49607 | Vaults:2 | Killed Saint Roka
 50457 | Vaults:2 | Found a hide-covered altar of Uskayaw.
 50581 | Vaults:1 | Reached skill level 15 in Conjurations
 52023 | Vaults:3 | Noticed Xtahua
 52037 | Vaults:3 | Killed Xtahua
 52289 | Vaults:3 | Found a staircase to the Crypt.
 52289 | Vaults:3 | Found an ancient bone altar of Kikubaaqudgha.
 52289 | Vaults:3 | Found a basalt altar of Yredelemnul.
 52640 | Vaults:3 | Reached XP level 22. HP: 138/138 MP: 26/39
 52866 | Vaults:3 | Found Honluvi's Jewellery Shop.
 53501 | Vaults:3 | Reached skill level 15 in Fighting
 53858 | Vaults:3 | Identified the +3 mace of Pestilence {flame, +Inv rN+ Str+3
                  | Int+5}
 53864 | Vaults:3 | Paralysed by a lich for 2 turns
 53864 | Vaults:3 | Identified the cursed +2 great sword of Kindness {protect,
                  | rF+ Stlth+}
 53976 | Vaults:3 | Found the ring of the Mage {Wiz MR++ Int+3}
 54505 | Vaults:4 | Learned a level 9 spell: Shatter
 54798 | Vaults:4 | Reached XP level 23. HP: 102/144 MP: 32/41
 55035 | Vaults:4 | Found Vifeorghaopa's Assorted Antiques.
 55074 | Vaults:4 | Bought a potion of resistance for 290 gold pieces
 55074 | Vaults:4 | Bought a potion of curing for 87 gold pieces
 55074 | Vaults:4 | Bought a potion of curing for 87 gold pieces
 55074 | Vaults:4 | Bought a wand of acid (7) for 232 gold pieces
 55074 | Vaults:4 | Bought a scroll labeled ANEPREBLAT for 29 gold pieces
 55834 | Vaults:5 | Entered Level 5 of the Vaults
 55845 | Vaults:4 | Upgraded the game from 0.26-a0-579-g3afe4966bf to
                  | 0.26-a0-591-g04f19ec95a
 56029 | Vaults:5 | Reached XP level 24. HP: 130/152 MP: 34/41
 56326 | Vaults:5 | Noticed an ancient lich
 56330 | Vaults:5 | Killed an ancient lich
 56900 | Vaults:5 | Reached skill level 15 in Maces & Flails
 57811 | Vaults:5 | Got a silver rune of Zot
 57858 | Vaults:5 | Identified the +8 rapier "Guiseeg" {drain, +Inv rElec Dex+6
                  | Stlth-}
 58144 | Vaults:5 | Found the +2 shield of Resistance {rF++ rC++ MR++}
 58153 | Vaults:5 | Identified the cursed +1 eveningstar "Amuo" {flame, rF+
                  | Int+4} (You found it on level 5 of the Vaults)
 58264 | Vaults:5 | Got a translucent zirconium amulet
 58265 | Vaults:5 | Identified the amulet "Muyxu" {Inacc rElec rF+ rN+ Int+5}
                  | (You found it on level 5 of the Vaults)
 59168 | Crypt:1  | Entered Level 1 of the Crypt
 60689 | Crypt:2  | Found an ancient bone altar of Kikubaaqudgha.
 60791 | Crypt:2  | Reached XP level 25. HP: 159/159 MP: 29/41
 60791 | Crypt:2  | Noticed Sojobo
 60804 | Crypt:2  | Killed Sojobo
 60813 | Crypt:2  | Reached skill level 15 in Spellcasting
 61334 | Crypt:2  | Learned a level 9 spell: Fire Storm
 61492 | Crypt:3  | Entered Level 3 of the Crypt
 62087 | Crypt:3  | Found an ancient bone altar of Kikubaaqudgha.
 62304 | Crypt:3  | Identified the +7 mace "Watoef" {elec, Dex+2 SInv} (You
                  | found it on level 3 of the Crypt)
 62701 | Crypt:3  | Found the +6 Majin-Bo {vamp, MP+6 Int+6}
 62737 | Crypt:3  | Noticed Jory
 62745 | Crypt:3  | Killed Jory
 62918 | Crypt:3  | Found a staircase to the Tomb.
 63350 | Depths:1 | Entered Level 1 of the Depths
 64242 | Depths:1 | Found a gateway to Hell.
 64261 | Depths:1 | Found a gateway to a ziggurat.
 64661 | Depths:2 | Reached XP level 26. HP: 168/168 MP: 20/42
 65539 | Depths:2 | Found Bietwa's Assorted Antiques.
 65542 | Depths:2 | Bought a potion of resistance for 450 gold pieces
 65542 | Depths:2 | Bought a scroll of identify for 90 gold pieces
 65582 | Depths:3 | Found a one-way gate to the infinite horrors of the Abyss.
 65847 | Depths:3 | Noticed Margery
 65858 | Depths:3 | Killed Margery
 66639 | Depths:3 | Paralysed by a sphinx for 4 turns
 66838 | Depths:3 | Identified the +6 war axe of Termination {vamp, rC+ MR+
                  | SInv}
 66863 | Depths:3 | Identified the Reference Book on the Damaging Glacier
 66907 | Depths:3 | Noticed a juggernaut
 66910 | Depths:3 | Killed a juggernaut
 67072 | Depths:3 | Found a one-way gate leading to the halls of Pandemonium.
 67370 | Depths:3 | Identified the ring "Nanoraant" {rCorr Stlth+}
 67650 | Depths:3 | Acquired 430 gold pieces
 67945 | Depths:4 | Reached XP level 27. HP: 169/177 MP: 43/43
 67962 | Depths:4 | Learned a level 3 spell: Conjure Flame
 67973 | Depths:4 | Learned a level 9 spell: Absolute Zero
 68079 | Depths:4 | Reached skill level 1 in Ice Magic
 68222 | Depths:4 | Found the amulet of the Air {Inacc +Fly rElec EV+5 RMsl}
 68224 | Depths:4 | Noticed a juggernaut
 68228 | Depths:4 | Reached skill level 5 in Shields
 68230 | Depths:4 | Killed a juggernaut
 68273 | Depths:4 | You are sucked into a shaft and drop 1 floor!
 68273 | Depths:5 | Entered Level 5 of the Depths
 68508 | Depths:4 | Found a corrupted altar of Lugonu.
 68865 | Depths:4 | Found Saonk's Book Shoppe.
 69825 | Depths:5 | Found a gate to the Realm of Zot.
 70672 | Slime:1  | Entered Level 1 of the Pits of Slime
 70935 | Slime:3  | Noticed Dissolution
 70938 | Slime:3  | Killed Dissolution
 70974 | Slime:5  | Entered Level 5 of the Pits of Slime
 71020 | Slime:5  | Noticed the Royal Jelly
 71022 | Slime:5  | Found a viscous altar of Jiyva.
 71025 | Slime:5  | Killed the Royal Jelly
 71025 | Slime:5  | Reached skill level 5 in Ice Magic
 71232 | Slime:5  | Paralysed by a floating eye for 3 turns
 71292 | Slime:5  | Identified the +3 pair of boots of Geblamuz {Rampage rN+
                  | Dex+3 Slay-6} (You found it on level 5 of the Pits of
                  | Slime)
 71296 | Slime:5  | Got an ancient brass ring
 71297 | Slime:5  | Identified the ring "Tuqaol" {MR+ AC+4} (You found it on
                  | level 5 of the Pits of Slime)
 71301 | Slime:5  | Identified the +11 morningstar of the Last Demons {vorpal,
                  | +Fly Str+4 Int-3} (You found it on level 5 of the Pits of
                  | Slime)
 71410 | Slime:5  | Got a scintillating marble ring
 71411 | Slime:5  | Identified the ring "Ixtan" {rPois Str+5 Int+6} (You found
                  | it on level 5 of the Pits of Slime)
 71422 | Slime:5  | Got a slimy rune of Zot
 71829 | Zig:1    | Entered Level 1 of a ziggurat
 71843 | Zig:2    | Entered Level 2 of a ziggurat
 71950 | Zig:3    | Entered Level 3 of a ziggurat
 72007 | Zig:4    | Entered Level 4 of a ziggurat
 72157 | Zig:5    | Entered Level 5 of a ziggurat
 72175 | Zig:5    | Identified the Grimoire of Enchantment
 72184 | Zig:6    | Entered Level 6 of a ziggurat
 72243 | Zig:7    | Entered Level 7 of a ziggurat
 72306 | Zig:7    | Identified Sif Muna's Reference Book on the Rocks
 72348 | Zig:8    | Entered Level 8 of a ziggurat
 72358 | Zig:8    | Reached skill level 15 in Dodging
 72470 | Zig:9    | Entered Level 9 of a ziggurat
 72535 | Zig:10   | Entered Level 10 of a ziggurat
 72730 | Zig:10   | Reached skill level 10 in Ice Magic
 72735 | Zig:11   | Entered Level 11 of a ziggurat
 72768 | Zig:11   | Found the +3 Elemental Staff {rElec rF++ rC++ MR++ AC+5}
 72795 | Zig:12   | Entered Level 12 of a ziggurat
 72837 | Zig:12   | Reached skill level 1 in Staves
 73099 | Zig:13   | Entered Level 13 of a ziggurat
 73137 | Zig:13   | Learned a level 8 spell: Lehudib's Crystal Spear
 73220 | Zig:14   | Entered Level 14 of a ziggurat
 73237 | Zig:14   | Found the ring of Robustness {AC+8}
 73243 | Zig:14   | Reached skill level 10 in Shields
 73275 | Zig:15   | Entered Level 15 of a ziggurat
 73283 | Zig:15   | Noticed an orb of fire
 73288 | Zig:15   | Killed an orb of fire
 73289 | Zig:15   | Noticed an orb of fire
 73290 | Zig:15   | Noticed an orb of fire
 73297 | Zig:15   | Killed an orb of fire
 73297 | Zig:15   | Killed an orb of fire
 73595 | Zig:15   | Identified a +0 pair of boots of running (You found it on
                  | level 15 of a ziggurat)
 73632 | Zig:16   | Entered Level 16 of a ziggurat
 73645 | Zig:16   | Noticed Iluany the pandemonium lord
 73646 | Zig:16   | Noticed Foliux the pandemonium lord
 73646 | Zig:16   | Noticed Eshrap the pandemonium lord
 73646 | Zig:16   | Noticed Uvoagas the pandemonium lord
 73646 | Zig:16   | Noticed Heuhonn the pandemonium lord
 73646 | Zig:16   | Noticed Hurchin the pandemonium lord
 73646 | Zig:16   | Noticed Vups the pandemonium lord
 73656 | Zig:16   | Killed Iluany the pandemonium lord
 73658 | Zig:16   | Killed Eshrap the pandemonium lord
 73658 | Zig:16   | Killed Uvoagas the pandemonium lord
 73659 | Zig:16   | Killed Vups the pandemonium lord
 73667 | Zig:16   | Killed Heuhonn the pandemonium lord
 73667 | Zig:16   | Reached skill level 5 in Staves
 73671 | Zig:16   | Killed Hurchin the pandemonium lord
 73674 | Zig:16   | Killed Foliux the pandemonium lord
 73819 | Zig:16   | Identified the Incunabulum of Fixation
 73823 | Zig:17   | Entered Level 17 of a ziggurat
 73834 | Zig:17   | Noticed Icuofef's ghost (veteran SpEn)
 73836 | Zig:17   | Noticed Erhaimih's ghost (legendary DDNe)
 73837 | Zig:17   | Noticed ggul009's ghost (legendary SpDe)
 73839 | Zig:17   | Noticed Muffal's ghost (legendary FoFi)
 73843 | Zig:17   | Noticed Hores's ghost (legendary GrEE)
 73845 | Zig:17   | Killed Icuofef's ghost
 73862 | Zig:17   | Killed ggul009's ghost
 73867 | Zig:17   | Killed Hores's ghost
 73879 | Zig:17   | Killed Muffal's ghost
 73881 | Zig:17   | Killed Erhaimih's ghost
 74059 | Zig:17   | Got a steaming steel ring
 74060 | Zig:17   | Identified the ring "Sufaoma" {Wiz rF+ Stlth+} (You found
                  | it on level 17 of a ziggurat)
 74085 | Zig:18   | Entered Level 18 of a ziggurat
 74140 | Zig:18   | Got a serpentine glass ring
 74141 | Zig:18   | Identified the ring of Makhleb's Pride {Ice *Contam +Blink
                  | Str+3} (You found it on level 18 of a ziggurat)
 74145 | Zig:18   | Got a heavily runed tin ring
 74146 | Zig:18   | Identified the ring of Akkaun {*Tele Dex+4} (You found it
                  | on level 18 of a ziggurat)
 74154 | Zig:18   | Got a scorched granite ring
 74155 | Zig:18   | Identified the cursed ring "Move Nas" {MP-9 EV-4 Int+5}
                  | (You found it on level 18 of a ziggurat)
 74163 | Zig:19   | Entered Level 19 of a ziggurat
 74226 | Zig:19   | Learned a level 8 spell: Necromutation
 74227 | Zig:19   | Identified the Catalogue of Blistering Transformation
 74232 | Zig:20   | Entered Level 20 of a ziggurat
 74247 | Zig:20   | Reached skill level 1 in Transmutations
 74251 | Zig:20   | Reached skill level 1 in Necromancy
 74318 | Zig:20   | Got a translucent glass ring
 74319 | Zig:20   | Identified the ring "Ocuenias" {rF+ rC+ MR+ MP-9 Dex+4}
                  | (You found it on level 20 of a ziggurat)
 74341 | Zig:20   | Identified Gagoh's Handbook of Evil Rites
 74348 | Zig:21   | Entered Level 21 of a ziggurat
 74365 | Zig:21   | Noticed Ocagytorch the pandemonium lord
 74367 | Zig:21   | Noticed Dealuetoe the pandemonium lord
 74367 | Zig:21   | Noticed Rissur the pandemonium lord
 74368 | Zig:21   | Reached skill level 5 in Necromancy
 74368 | Zig:21   | Noticed Nariafo the pandemonium lord
 74369 | Zig:21   | Noticed Leigg the pandemonium lord
 74370 | Zig:21   | Killed Ocagytorch the pandemonium lord
 74371 | Zig:21   | Killed Dealuetoe the pandemonium lord
 74371 | Zig:21   | Reached skill level 15 in Ice Magic
 74371 | Zig:21   | Noticed Ighix the pandemonium lord
 74372 | Zig:21   | Killed Rissur the pandemonium lord
 74372 | Zig:21   | Killed Nariafo the pandemonium lord
 74375 | Zig:21   | Killed Ighix the pandemonium lord
 74375 | Zig:21   | Noticed Zaorr the pandemonium lord
 74376 | Zig:21   | Noticed Yrue the pandemonium lord
 74377 | Zig:21   | Killed Leigg the pandemonium lord
 74378 | Zig:21   | Noticed Ygooseops the pandemonium lord
 74380 | Zig:21   | Killed Yrue the pandemonium lord
 74382 | Zig:21   | Killed Zaorr the pandemonium lord
 74384 | Zig:21   | Killed Ygooseops the pandemonium lord
 74384 | Zig:21   | Paralysed by you for 5 turns
 74389 | Zig:21   | Reached skill level 5 in Transmutations
 74470 | Zig:21   | Acquired 3020 gold pieces
 74479 | Zig:21   | Acquired 1500 gold pieces
 74490 | Zig:21   | Identified the Handbook of Dislocation
 74493 | Zig:21   | Got a heavily runed iron ring
 74494 | Zig:21   | Identified the ring of Oqusch Didui {MR++ EV+4 Str+5
                  | Slay+2} (You found it on level 21 of a ziggurat)
 74499 | Zig:22   | Entered Level 22 of a ziggurat
 74542 | Zig:22   | Found the +5 scythe "Finisher" {speed, eviscerate}
 74626 | Zig:22   | Identified the Tome of Weightlessness and Conjuration
 74648 | Zig:22   | Got a sparkling golden ring
 74649 | Zig:22   | Identified the ring "Heqomp" {rF+ Str-2 Dex+7 SInv} (You
                  | found it on level 22 of a ziggurat)
 74659 | Zig:23   | Entered Level 23 of a ziggurat
 74671 | Zig:23   | Noticed a juggernaut
 74672 | Zig:23   | Noticed a juggernaut
 74674 | Zig:23   | Killed a juggernaut
 74674 | Zig:23   | Killed a juggernaut
 74674 | Zig:23   | Noticed a juggernaut
 74678 | Zig:23   | Killed a juggernaut
 74681 | Zig:23   | Noticed a juggernaut
 74682 | Zig:23   | Noticed a juggernaut
 74683 | Zig:23   | Killed a juggernaut
 74683 | Zig:23   | Killed a juggernaut
 74684 | Zig:23   | Noticed a juggernaut
 74687 | Zig:23   | Killed a juggernaut
 74706 | Zig:23   | Found the cursed necklace of Bloodlust {*Rage +Rage MR++
                  | Int-3 Slay+6 *Curse}
 74717 | Zig:23   | Identified Xiginacs's Compendium of Earthen Translocation
 74748 | Zig:23   | Identified the +2 buckler of Tobyedd {-Cast rPois Dex+2}
                  | (You found it on level 23 of a ziggurat)
 74760 | Zig:24   | Entered Level 24 of a ziggurat
 74921 | Zig:24   | Found the +6 shillelagh "Devastator" {shatter}
 74931 | Zig:24   | Got a heavily runed tin ring
 74932 | Zig:24   | Identified the ring of Innaitt {rN+ MR- Int+8 Stlth+} (You
                  | found it on level 24 of a ziggurat)
 74936 | Zig:24   | Identified the +0 robe of a volcano {Str+2 SInv} (You found
                  | it on level 24 of a ziggurat)
 74964 | Zig:24   | Reached skill level 10 in Necromancy
 74966 | Zig:24   | Identified the Collected Works on the Blaze and Evil
 74986 | Zig:25   | Entered Level 25 of a ziggurat
 75001 | Zig:25   | Noticed Ahek's ghost (legendary GnTm)
 75001 | Zig:25   | Noticed Ahek's ghost (legendary GnTm)
 75002 | Zig:25   | Noticed Icuofef's ghost (veteran SpEn)
 75002 | Zig:25   | Noticed Omodibba's ghost (veteran BaHu)
 75005 | Zig:25   | Killed Icuofef's ghost
 75005 | Zig:25   | Noticed Xiorchab's ghost (legendary VSFi)
 75006 | Zig:25   | Noticed Cygay's ghost (legendary GrEE)
 75006 | Zig:25   | Noticed Tieschogg's ghost (legendary DsFi)
 75007 | Zig:25   | Noticed Ihoic's ghost (legendary SpEn)
 75007 | Zig:25   | Noticed Poybuibi's ghost (veteran MiMo)
 75007 | Zig:25   | Noticed Icuofef's ghost (veteran SpEn)
 75008 | Zig:25   | Noticed Ereufydu's ghost (legendary VSGl)
 75008 | Zig:25   | Noticed Gyofeun's ghost (legendary FoFi)
 75010 | Zig:25   | Noticed Ereufydu's ghost (legendary VSGl)
 75010 | Zig:25   | Noticed Xootouk's ghost (master SpEn)
 75010 | Zig:25   | Noticed Dokilyhu's ghost (legendary DrWn)
 75014 | Zig:26   | Entered Level 26 of a ziggurat
 75041 | Zig:26   | Noticed a juggernaut
 75047 | Zig:26   | Killed a juggernaut
 75047 | Zig:26   | Noticed a juggernaut
 75048 | Zig:26   | Noticed a juggernaut
 75049 | Zig:26   | Noticed a juggernaut
 75049 | Zig:26   | Noticed a juggernaut
 75050 | Zig:26   | Noticed a juggernaut
 75051 | Zig:26   | Noticed a juggernaut
 75052 | Zig:26   | Killed a juggernaut
 75053 | Zig:26   | Killed a juggernaut
 75053 | Zig:26   | Killed a juggernaut
 75053 | Zig:26   | Reached skill level 10 in Transmutations
 75053 | Zig:26   | Killed a juggernaut
 75054 | Zig:26   | Killed a juggernaut
 75054 | Zig:26   | Killed a juggernaut
 75054 | Zig:26   | Noticed a juggernaut
 75055 | Zig:26   | Noticed a juggernaut
 75056 | Zig:26   | Noticed a juggernaut
 75057 | Zig:26   | Killed a juggernaut
 75057 | Zig:26   | Killed a juggernaut
 75057 | Zig:26   | Noticed a juggernaut
 75057 | Zig:26   | Noticed a juggernaut
 75058 | Zig:26   | Killed a juggernaut
 75058 | Zig:26   | Noticed a juggernaut
 75059 | Zig:26   | Noticed a juggernaut
 75059 | Zig:26   | Noticed a juggernaut
 75060 | Zig:26   | Killed a juggernaut
 75060 | Zig:26   | Killed a juggernaut
 75060 | Zig:26   | Killed a juggernaut
 75060 | Zig:26   | Noticed a juggernaut
 75062 | Zig:26   | Killed a juggernaut
 75062 | Zig:26   | Killed a juggernaut
 75062 | Zig:26   | Killed a juggernaut
 75062 | Zig:26   | Noticed a juggernaut
 75065 | Zig:26   | Killed a juggernaut
 75185 | Zig:26   | Got a twitching tin ring
 75186 | Zig:26   | Identified the ring "Ynnusyun" {MR+ Dex+7} (You found it on
                  | level 26 of a ziggurat)
 75189 | Zig:26   | Got a smoking bronze ring
 75190 | Zig:26   | Identified the cursed ring of Yzxu Toss {rPois Dex+4
                  | Slay-4} (You found it on level 26 of a ziggurat)
 75211 | Zig:26   | Identified the Volume of Sulphur
 75217 | Zig:26   | Identified the Tome of Fiery Transmutation
 75230 | Zig:27   | Entered Level 27 of a ziggurat
 75245 | Zig:27   | Noticed Xiucopn the pandemonium lord
 75247 | Zig:27   | Noticed Seoc the pandemonium lord
 75248 | Zig:27   | Noticed Cecotsew the pandemonium lord
 75248 | Zig:27   | Noticed Peplotoe the pandemonium lord
 75248 | Zig:27   | Noticed Pidiytot the pandemonium lord
 75250 | Zig:27   | Noticed Mokium the pandemonium lord
 75250 | Zig:27   | Noticed Pylit the pandemonium lord
 75250 | Zig:27   | Noticed Udowkar the pandemonium lord
 75250 | Zig:27   | Noticed Taregin the pandemonium lord
 75250 | Zig:27   | Noticed Peicar the pandemonium lord
 75250 | Zig:27   | Noticed Jittoeli the pandemonium lord
 75250 | Zig:27   | Noticed Qecey the pandemonium lord
 75251 | Zig:27   | Noticed Qet Qute the pandemonium lord
 75252 | Zig:27   | Noticed Zyus Osa the pandemonium lord
 75252 | Zig:27   | Killed Jittoeli the pandemonium lord
 75252 | Zig:27   | Killed Udowkar the pandemonium lord
 75252 | Zig:27   | Noticed Juomn the pandemonium lord
 75253 | Zig:27   | Killed Qecey the pandemonium lord
 75253 | Zig:27   | Noticed Ecin Will the pandemonium lord
 75254 | Zig:27   | Killed Zyus Osa the pandemonium lord
 75254 | Zig:27   | Noticed Wyfuhomoan the pandemonium lord
 75255 | Zig:27   | Killed Cecotsew the pandemonium lord
 75255 | Zig:27   | Killed Peicar the pandemonium lord
 75255 | Zig:27   | Killed Peplotoe the pandemonium lord
 75255 | Zig:27   | Killed Qet Qute the pandemonium lord
 75255 | Zig:27   | Noticed Kutem the pandemonium lord
 75256 | Zig:27   | Killed Pylit the pandemonium lord
 75257 | Zig:27   | Killed Xiucopn the pandemonium lord
 75258 | Zig:27   | Killed Pidiytot the pandemonium lord
 75258 | Zig:27   | Killed Seoc the pandemonium lord
 75259 | Zig:27   | Killed Taregin the pandemonium lord
 75260 | Zig:27   | Killed Juomn the pandemonium lord
 75260 | Zig:27   | Killed Wyfuhomoan the pandemonium lord
 75262 | Zig:27   | Killed Ecin Will the pandemonium lord
 75268 | Zig:27   | Killed Mokium the pandemonium lord
 75269 | Zig:27   | Killed Kutem the pandemonium lord
 75468 | Zig:27   | Got a sparkling golden ring
 75469 | Zig:27   | Identified the ring "Joec" {rC+ Dex+4 SInv} (You found it
                  | on level 27 of a ziggurat)
 75480 | Zig:27   | Got a sparkling ivory amulet
 75481 | Zig:27   | Identified the amulet "Guh Rowergh" {Inacc +Blink} (You
                  | found it on level 27 of a ziggurat)
 75491 | Zig:27   | Identified Sif Muna's Guide on Stolen Souls and Snow
 75498 | Zig:27   | Got a scorched marble ring
 75499 | Zig:27   | Identified the ring "Curuel" {AC+4 Stlth+} (You found it on
                  | level 27 of a ziggurat)
 75785 | Snake:3  | Bought a pair of glowing gloves for 277 gold pieces
 76044 | Depths:3 | Voluntarily entered the Abyss.
 76927 | Abyss:3  | Found a corrupted altar of Lugonu.
 76936 | Abyss:3  | Got an abyssal rune of Zot
 76945 | Depths:3 | Escaped the Abyss
 77108 | Zig:1    | Entered Level 1 of a ziggurat
 77326 | Zig:2    | Entered Level 2 of a ziggurat
 77345 | Zig:3    | Entered Level 3 of a ziggurat
 77348 | Zig:3    | Noticed an ancient lich
 77350 | Zig:3    | Killed an ancient lich
 77382 | Zig:4    | Entered Level 4 of a ziggurat
 77383 | Zig:4    | Noticed a greater mummy
 77385 | Zig:4    | Killed a greater mummy
 77425 | Zig:5    | Entered Level 5 of a ziggurat
 77489 | Zig:5    | Found the +10 dark maul {vorpal}
 77518 | Zig:6    | Entered Level 6 of a ziggurat
 77629 | Zig:6    | Found the +8 arc blade {discharge, rElec}
 77639 | Zig:6    | Got a brightly glowing iron ring
 77640 | Zig:6    | Identified the ring of Nurog {rC- rN+ Str+2 SInv} (You
                  | found it on level 6 of a ziggurat)
 77646 | Zig:7    | Entered Level 7 of a ziggurat
 77780 | Zig:8    | Entered Level 8 of a ziggurat
 77861 | Zig:9    | Entered Level 9 of a ziggurat
 77913 | Zig:9    | Reached skill level 15 in Necromancy
 77928 | Zig:10   | Entered Level 10 of a ziggurat
 77984 | Zig:10   | Identified the Reference Book on the Destructive Glacier
 77994 | Zig:11   | Entered Level 11 of a ziggurat
 78029 | Zig:11   | Got a translucent golden ring
 78030 | Zig:11   | Identified the ring of Ytzic {rPois Str+4 Dex+3} (You found
                  | it on level 11 of a ziggurat)
 78128 | Zig:12   | Entered Level 12 of a ziggurat
 78244 | Zig:12   | Got a glittering lead ring
 78245 | Zig:12   | Identified the cursed ring "Lonen" {*Corrode rN+++ AC-4
                  | Int+5} (You found it on level 12 of a ziggurat)
 78255 | Zig:12   | Identified the cursed +0 robe of Mekhleott {Harm *Corrode
                  | rElec} (You found it on level 12 of a ziggurat)
 78258 | Zig:12   | Identified Sif Muna's Tome of Toxic Fire
 78263 | Zig:13   | Entered Level 13 of a ziggurat
 78308 | Zig:14   | Entered Level 14 of a ziggurat
 78326 | Zig:14   | Found the +9 staff of Wucad Mu {channel}
 78326 | Zig:14   | Found the +4 dagger "Morg" {pain, MR+ Int+5}
 78352 | Zig:14   | Got a brightly glowing bronze ring
 78353 | Zig:14   | Identified the ring "Tatemn" {rF+ Str+4 Stlth+} (You found
                  | it on level 14 of a ziggurat)
 78368 | Zig:15   | Entered Level 15 of a ziggurat
 78413 | Zig:15   | Found the +9 staff of Olgreb {rPois∞}
 78470 | Zig:16   | Entered Level 16 of a ziggurat
 78478 | Zig:16   | Noticed an ancient lich
 78479 | Zig:16   | Killed an ancient lich
 78490 | Zig:16   | Found the +0 staff of Battle
 78570 | Zig:16   | Identified Relaacausk's Catalogue of Battle Magic and Shape
                  | Shifting
 78574 | Zig:16   | Identified the +1 robe "Sacoshriatiw" {Dex+4 Stlth+} (You
                  | found it on level 16 of a ziggurat)
 78580 | Zig:16   | Got a slimy bone amulet
 78581 | Zig:16   | Identified the amulet of Niost {Faith Str+4 Dex+3} (You
                  | found it on level 16 of a ziggurat)
 78591 | Zig:17   | Entered Level 17 of a ziggurat
 78591 | Zig:17   | Noticed an ancient lich
 78595 | Zig:17   | Killed an ancient lich
 78601 | Zig:17   | Noticed Rariag the pandemonium lord
 78601 | Zig:17   | Noticed Moituzxall the pandemonium lord
 78603 | Zig:17   | Reached skill level 27 in Fighting
 78604 | Zig:17   | Noticed Gemifenix the pandemonium lord
 78604 | Zig:17   | Killed Moituzxall the pandemonium lord
 78604 | Zig:17   | Noticed Siaxu the pandemonium lord
 78604 | Zig:17   | Noticed Zimenup the pandemonium lord
 78605 | Zig:17   | Noticed Alowurie the pandemonium lord
 78605 | Zig:17   | Killed Rariag the pandemonium lord
 78605 | Zig:17   | Noticed Besourod the pandemonium lord
 78606 | Zig:17   | Killed Gemifenix the pandemonium lord
 78606 | Zig:17   | Killed Siaxu the pandemonium lord
 78607 | Zig:17   | Killed Zimenup the pandemonium lord
 78608 | Zig:17   | Killed Besourod the pandemonium lord
 78611 | Zig:17   | Killed Alowurie the pandemonium lord
 78618 | Zig:17   | Noticed Xialiyfi the pandemonium lord
 78623 | Zig:17   | Killed Xialiyfi the pandemonium lord
 78700 | Zig:17   | Found the macabre finger necklace {rN+}
 78733 | Zig:18   | Entered Level 18 of a ziggurat
 78750 | Zig:18   | Reached skill level 27 in Conjurations
 78827 | Zig:19   | Entered Level 19 of a ziggurat
 78889 | Zig:19   | Got a shimmering tin ring
 78890 | Zig:19   | Identified the ring of Zillax {Wiz rElec rF- MR+ Int+6}
                  | (You found it on level 19 of a ziggurat)
 78895 | Zig:19   | Identified the +6 buckler of Dimob {rElec Str+2 Dex+2} (You
                  | found it on level 19 of a ziggurat)
 78899 | Zig:19   | Got a crude amber ring
 78900 | Zig:19   | Identified the ring "Xeritun" {rN+ MP+9 Slay+3} (You found
                  | it on level 19 of a ziggurat)
 78903 | Zig:20   | Entered Level 20 of a ziggurat
 78992 | Zig:21   | Entered Level 21 of a ziggurat
 79007 | Zig:21   | Reached skill level 27 in Spellcasting
 79179 | Zig:21   | Identified the amulet of Mesteaf {Spirit MR+ Str+2 Int+3}
                  | (You found it on level 21 of a ziggurat)
 79180 | Zig:21   | Identified Xuset's Collected Works on Torrid Air
 79189 | Zig:21   | Identified the ring of Peys Ypso {EV+4 SInv} (You found it
                  | on level 21 of a ziggurat)
 79213 | Zig:22   | Entered Level 22 of a ziggurat
 79236 | Zig:22   | Reached skill level 10 in Evocations
 79265 | Zig:22   | Identified the +1 robe of Biet {+Fly rC- rN+ Int+4} (You
                  | found it on level 22 of a ziggurat)
 79271 | Zig:22   | Got a transparent jade ring
 79272 | Zig:22   | Identified the ring of Megalomania {Wiz rN+ Slay+3} (You
                  | found it on level 22 of a ziggurat)
 79276 | Zig:22   | Identified the Disquisition on Creative Flight
 79303 | Zig:22   | Identified the +1 robe "Xumyteu" {Dex+2} (You found it on
                  | level 22 of a ziggurat)
 79306 | Zig:23   | Entered Level 23 of a ziggurat
 79424 | Zig:23   | Got a serpentine granite ring
 79425 | Zig:23   | Identified the ring "Miuzol" {rElec Int+8 Stlth-} (You
                  | found it on level 23 of a ziggurat)
 79442 | Zig:23   | Identified the Compendium of Spatial Confrontation
 79444 | Zig:23   | Identified the Grimoire of Companions
 79447 | Zig:23   | Got a coiled wooden ring
 79448 | Zig:23   | Identified the ring of Selor {rPois rC+} (You found it on
                  | level 23 of a ziggurat)
 79461 | Zig:24   | Entered Level 24 of a ziggurat
 79503 | Zig:24   | Found the +2 Maxwell's thermic engine {flame, freeze}
 79558 | Zig:24   | Got a heavily runed gossamer ring
 79559 | Zig:24   | Identified the ring of Toset {rElec rF+ Str+3 SInv} (You
                  | found it on level 24 of a ziggurat)
 79585 | Zig:25   | Entered Level 25 of a ziggurat
 79592 | Zig:25   | Noticed an orb of fire
 79594 | Zig:25   | Noticed an orb of fire
 79595 | Zig:25   | Noticed an orb of fire
 79596 | Zig:25   | Noticed an orb of fire
 79597 | Zig:25   | Noticed an orb of fire
 79597 | Zig:25   | Noticed an orb of fire
 79599 | Zig:25   | Noticed an orb of fire
 79600 | Zig:25   | Noticed an orb of fire
 79600 | Zig:25   | Killed an orb of fire
 79600 | Zig:25   | Reached skill level 15 in Evocations
 79600 | Zig:25   | Killed an orb of fire
 79600 | Zig:25   | Noticed an orb of fire
 79600 | Zig:25   | Gained mutation: You do not regenerate when monsters are
                  | visible. [an orb of fire]
 79600 | Zig:25   | Noticed an orb of fire
 79601 | Zig:25   | Killed an orb of fire
 79601 | Zig:25   | Killed an orb of fire
 79601 | Zig:25   | Gained mutation: You have supernaturally acute eyesight.
                  | (SInv) [an orb of fire]
 79601 | Zig:25   | Noticed an orb of fire
 79601 | Zig:25   | Gained mutation: You are clumsy. (Dex -2) [an orb of fire]
 79602 | Zig:25   | Killed an orb of fire
 79602 | Zig:25   | Killed an orb of fire
 79602 | Zig:25   | Killed an orb of fire
 79603 | Zig:25   | Noticed an orb of fire
 79603 | Zig:25   | Noticed an orb of fire
 79605 | Zig:25   | Killed an orb of fire
 79605 | Zig:25   | Killed an orb of fire
 79606 | Zig:25   | Killed an orb of fire
 79606 | Zig:25   | Killed an orb of fire
 79607 | Zig:25   | Noticed an orb of fire
 79611 | Zig:25   | Identified the Compendium of Freezing Clay
 79613 | Zig:26   | Entered Level 26 of a ziggurat
 79775 | Zig:26   | Lost mutation: You can translocate small distances at will.
                  | [potion of mutation]
 79775 | Zig:26   | Lost mutation: You are clumsy. (Dex -2) [potion of
                  | mutation]
 79775 | Zig:26   | Lost mutation: You are somewhat resistant to further
                  | mutation. [potion of mutation]
 79775 | Zig:26   | Lost mutation: You are dopey. (Int -2) [potion of mutation]
 79775 | Zig:26   | Gained mutation: You are somewhat resistant to further
                  | mutation. [potion of mutation]
 79775 | Zig:26   | Gained mutation: You are agile. (Dex +2) [potion of
                  | mutation]
 79791 | Zig:26   | Identified the Handbook of Damaging Poisoning
 79830 | Zig:27   | Entered Level 27 of a ziggurat
 79916 | Zig:27   | Identified the Handbook of Damaging Ice
 79965 | Zig:1    | Entered Level 1 of a ziggurat
 80110 | Zig:1    | Learned a level 9 spell: Tornado
 80115 | Zig:2    | Entered Level 2 of a ziggurat
 80119 | Zig:2    | Reached skill level 1 in Air Magic
 80269 | Zig:2    | Got a slimy lapis lazuli ring
 80270 | Zig:2    | Identified the ring "Loagu" {+Fly rF+ Dex+3} (You found it
                  | on level 2 of a ziggurat)
 80276 | Zig:3    | Entered Level 3 of a ziggurat
 80376 | Zig:4    | Entered Level 4 of a ziggurat
 80599 | Zig:4    | Identified the Volume of the Escort
 80603 | Zig:4    | Got a vibrating lapis lazuli ring
 80604 | Zig:4    | Identified the ring of Impatience {*Drain +Fly rC++ Str+2
                  | Int-2 Dex+8} (You found it on level 4 of a ziggurat)
 80608 | Zig:5    | Entered Level 5 of a ziggurat
 80626 | Zig:5    | Reached skill level 5 in Air Magic
 80642 | Zig:6    | Entered Level 6 of a ziggurat
 80677 | Zig:7    | Entered Level 7 of a ziggurat
 80783 | Zig:8    | Entered Level 8 of a ziggurat
 80790 | Zig:8    | Reached skill level 10 in Air Magic
 80948 | Zig:8    | Got a pitted copper ring
 80949 | Zig:8    | Identified the ring of Werur {Wiz rF- Dex+4 SInv} (You
                  | found it on level 8 of a ziggurat)
 80956 | Zig:9    | Entered Level 9 of a ziggurat
 80974 | Zig:9    | Found the brooch of Shielding {Spirit SH+8}
 80993 | Zig:10   | Entered Level 10 of a ziggurat
 81173 | Zig:11   | Entered Level 11 of a ziggurat
 81178 | Zig:11   | Noticed a juggernaut
 81183 | Zig:11   | Killed a juggernaut
 81210 | Zig:11   | Identified Deceg's Compendium of Cold and Hexes
 81224 | Zig:12   | Entered Level 12 of a ziggurat
 81261 | Zig:12   | Found the +8 whip "Snakebite" {curare, rPois}
 81262 | Zig:12   | Found the +10 morningstar "Eos" {elec, Halo rElec}
 81267 | Zig:12   | Identified the Reference Book on Companions
 81287 | Zig:13   | Entered Level 13 of a ziggurat
 81294 | Zig:13   | Noticed an ancient lich
 81297 | Zig:13   | Killed an ancient lich
 81297 | Zig:13   | Noticed an ancient lich
 81298 | Zig:13   | Noticed an ancient lich
 81299 | Zig:13   | Killed an ancient lich
 81393 | Zig:13   | Learned a level 9 spell: Death's Door
 81397 | Zig:14   | Entered Level 14 of a ziggurat
 81405 | Zig:14   | Reached skill level 15 in Air Magic
 81637 | Zig:14   | Got a warped silver ring
 81638 | Zig:14   | Identified the ring "Orphoecrug" {rPois rC+ Dex+3} (You
                  | found it on level 14 of a ziggurat)
 81659 | Zig:14   | Identified the +2 buckler "Luiveh" {SInv} (You found it on
                  | level 14 of a ziggurat)
 81667 | Zig:15   | Entered Level 15 of a ziggurat
 81672 | Zig:15   | Noticed Esuototi the pandemonium lord
 81672 | Zig:15   | Noticed Caycoy the pandemonium lord
 81673 | Zig:15   | Noticed Gunnog the pandemonium lord
 81677 | Zig:15   | Noticed Aseat the pandemonium lord
 81677 | Zig:15   | Killed Esuototi the pandemonium lord
 81677 | Zig:15   | Killed Caycoy the pandemonium lord
 81678 | Zig:15   | Killed Aseat the pandemonium lord
 81679 | Zig:15   | Noticed Uqydury the pandemonium lord
 81680 | Zig:15   | Killed Gunnog the pandemonium lord
 81680 | Zig:15   | Noticed Nitus the pandemonium lord
 81681 | Zig:15   | Noticed Runnihat the pandemonium lord
 81681 | Zig:15   | Noticed Ycuefru the pandemonium lord
 81682 | Zig:15   | Killed Nitus the pandemonium lord
 81682 | Zig:15   | Killed Runnihat the pandemonium lord
 81682 | Zig:15   | Noticed Jisodaeg the pandemonium lord
 81684 | Zig:15   | Noticed Bomon the pandemonium lord
 81686 | Zig:15   | Killed Ycuefru the pandemonium lord
 81688 | Zig:15   | Killed Jisodaeg the pandemonium lord
 81688 | Zig:15   | Killed Uqydury the pandemonium lord
 81690 | Zig:15   | Killed Bomon the pandemonium lord
 81847 | Zig:15   | Identified the Handbook of the Three Artisans
 81872 | Zig:16   | Entered Level 16 of a ziggurat
 81878 | Zig:16   | Noticed a juggernaut
 81879 | Zig:16   | Noticed a juggernaut
 81881 | Zig:16   | Killed a juggernaut
 81881 | Zig:16   | Noticed a juggernaut
 81883 | Zig:16   | Noticed a juggernaut
 81883 | Zig:16   | Killed a juggernaut
 81883 | Zig:16   | Killed a juggernaut
 81883 | Zig:16   | Noticed a juggernaut
 81884 | Zig:16   | Killed a juggernaut
 81887 | Zig:16   | Killed a juggernaut
 81896 | Zig:16   | Found the +4 Cigotuvi's embrace {rRot *Drain rN+}
 81924 | Zig:17   | Entered Level 17 of a ziggurat
 82191 | Zig:17   | Got a sparkling bone amulet
 82192 | Zig:17   | Identified the amulet "Mefauw" {Spirit rPois rN++ Str+2
                  | Int+4} (You found it on level 17 of a ziggurat)
 82199 | Zig:17   | Identified the Almanac of Cankerous Lightness
 82209 | Zig:17   | Identified Sif Muna's Catalogue of Flames
 82213 | Zig:18   | Entered Level 18 of a ziggurat
 82248 | Zig:18   | Identified the Guide on Summoning
 82260 | Zig:18   | Got a steaming iron amulet
 82261 | Zig:18   | Identified the amulet "Pemuwnyp" {Inacc Int+6} (You found
                  | it on level 18 of a ziggurat)
 82267 | Zig:18   | Identified the +3 pair of gloves of Piapt {rF++} (You found
                  | it on level 18 of a ziggurat)
 82303 | Zig:19   | Entered Level 19 of a ziggurat
 82327 | Zig:19   | Found the +8 orange crystal plate armour {Archmagi, Int+3
                  | Clar}
 82529 | Zig:19   | Got a flickering emerald amulet
 82530 | Zig:19   | Identified the amulet "Ruakk" {Reflect rPois rF- rN+++ SH+5
                  | Stlth+} (You found it on level 19 of a ziggurat)
 82531 | Zig:19   | Identified Huceasku's Incunabulum of the Lethal Entourage
 82552 | Zig:19   | Identified the Grimoire of Attacks and the Traveller
 82570 | Zig:20   | Entered Level 20 of a ziggurat
 82577 | Zig:20   | Noticed a juggernaut
 82578 | Zig:20   | Noticed a juggernaut
 82579 | Zig:20   | Noticed a juggernaut
 82579 | Zig:20   | Noticed a juggernaut
 82579 | Zig:20   | Noticed a juggernaut
 82579 | Zig:20   | Noticed a juggernaut
 82579 | Zig:20   | Noticed a juggernaut
 82581 | Zig:20   | Killed a juggernaut
 82581 | Zig:20   | Killed a juggernaut
 82581 | Zig:20   | Killed a juggernaut
 82581 | Zig:20   | Killed a juggernaut
 82582 | Zig:20   | Killed a juggernaut
 82582 | Zig:20   | Killed a juggernaut
 82582 | Zig:20   | Killed a juggernaut
 82582 | Zig:20   | Noticed a juggernaut
 82584 | Zig:20   | Killed a juggernaut
 82585 | Zig:20   | Noticed a juggernaut
 82588 | Zig:20   | Killed a juggernaut
 82611 | Zig:20   | Got a transparent brass ring
 82612 | Zig:20   | Identified the ring "Otisid" {+Blink rPois MR+ MP+9 Dex-5}
                  | (You found it on level 20 of a ziggurat)
 82620 | Zig:20   | Identified the +1 leather armour "Niebaj" {rElec} (You
                  | found it on level 20 of a ziggurat)
 82659 | Zig:21   | Entered Level 21 of a ziggurat
 82674 | Zig:21   | Reached skill level 27 in Dodging
 82729 | Zig:21   | Got a crude brass ring
 82732 | Zig:21   | Identified the ring of the Slashing Traitor {rElec rF+
                  | MR+++ MP+9 Dex-4} (You found it on level 21 of a ziggurat)
 82744 | Zig:21   | Got a glittering sapphire amulet
 82745 | Zig:21   | Identified the amulet "Dauh" {Faith rElec rF+ rC+ Dex+2}
                  | (You found it on level 21 of a ziggurat)
 82751 | Zig:22   | Entered Level 22 of a ziggurat
 82827 | Zig:22   | Got a fine granite ring
 82828 | Zig:22   | Identified the ring of Wonder {Ice rN+++ Str-2 Int-2 Dex+4}
                  | (You found it on level 22 of a ziggurat)
 82844 | Zig:22   | Identified Riuschiedgh's Reference Book on the Vitriolic
                  | Escort
 82850 | Zig:23   | Entered Level 23 of a ziggurat
 82855 | Zig:23   | Noticed a greater mummy
 82855 | Zig:23   | Noticed a greater mummy
 82857 | Zig:23   | Noticed a greater mummy
 82858 | Zig:23   | Noticed a greater mummy
 82859 | Zig:23   | Killed a greater mummy
 82859 | Zig:23   | Killed a greater mummy
 82859 | Zig:23   | Reached skill level 27 in Evocations
 82859 | Zig:23   | Noticed a greater mummy
 82860 | Zig:23   | Killed a greater mummy
 82860 | Zig:23   | Noticed a greater mummy
 82861 | Zig:23   | Killed a greater mummy
 82861 | Zig:23   | Killed a greater mummy
 82861 | Zig:23   | Noticed a greater mummy
 82861 | Zig:23   | Noticed a greater mummy
 82862 | Zig:23   | Killed a greater mummy
 82864 | Zig:23   | Killed a greater mummy
 82864 | Zig:23   | Killed a greater mummy
 82864 | Zig:23   | Noticed a greater mummy
 82865 | Zig:23   | Reached skill level 10 in Stealth
 82865 | Zig:23   | Noticed a greater mummy
 82866 | Zig:23   | Noticed a greater mummy
 82870 | Zig:23   | Killed a greater mummy
 82871 | Zig:23   | Noticed a greater mummy
 82873 | Zig:23   | Killed a greater mummy
 82874 | Zig:23   | Killed a greater mummy
 82874 | Zig:23   | Noticed a greater mummy
 82874 | Zig:23   | Noticed a greater mummy
 82875 | Zig:23   | Noticed a greater mummy
 82876 | Zig:23   | Killed a greater mummy
 82876 | Zig:23   | Killed a greater mummy
 82876 | Zig:23   | Killed a greater mummy
 82877 | Zig:23   | Noticed a greater mummy
 82878 | Zig:23   | Killed a greater mummy
 82878 | Zig:23   | Reached skill level 15 in Shields
 82878 | Zig:23   | Noticed a greater mummy
 82878 | Zig:23   | Noticed a greater mummy
 82880 | Zig:23   | Killed a greater mummy
 82880 | Zig:23   | Reached skill level 15 in Stealth
 82881 | Zig:23   | Killed a greater mummy
 82882 | Zig:23   | Killed a greater mummy
 82989 | Zig:23   | Found the +8 demon blade "Leech" {vamp, *Rage +Rage rN+}
 83033 | Zig:23   | Got a warped graven amulet
 83034 | Zig:23   | Identified the amulet "Qoixtuec" {+Inv Regen+} (You found
                  | it on level 23 of a ziggurat)
 83038 | Zig:24   | Entered Level 24 of a ziggurat
 83090 | Zig:24   | Found the +8 lance "Wyrmbane" {slay drac, rPois rF+ rC+
                  | AC+3}
 83091 | Zig:24   | Found the +8 demon trident "Rift" {distort, reach+}
 83228 | Zig:24   | Identified Ximnoy's Disquisition on Dusty Air
 83241 | Zig:25   | Entered Level 25 of a ziggurat
 83317 | Zig:25   | Identified the Compendium of the Escort and Lightness
 83320 | Zig:25   | Identified the Compendium of Earthen Venom
 83337 | Zig:25   | Got a shimmering lead amulet
 83338 | Zig:25   | Identified the amulet of Pemikhli {MR++ Regen+} (You found
                  | it on level 25 of a ziggurat)
 83347 | Zig:25   | Got a smoking diamond amulet
 83348 | Zig:25   | Identified the amulet of Goribeoj {Acrobat rC++ rN+ Stlth+}
                  | (You found it on level 25 of a ziggurat)
 83365 | Zig:25   | Got a wavering wooden ring
 83366 | Zig:25   | Identified the ring "Guhuar" {rElec Str+3 Stlth+} (You
                  | found it on level 25 of a ziggurat)
 83374 | Zig:26   | Entered Level 26 of a ziggurat
 83711 | Zig:26   | Identified the +1 robe of Instinct {rElec MR+ Dex-5} (You
                  | found it on level 26 of a ziggurat)
 83716 | Zig:26   | Identified the +1 leather armour of the Blacksmith {rPois
                  | MR+ Dex+2} (You found it on level 26 of a ziggurat)
 83732 | Zig:27   | Entered Level 27 of a ziggurat
 83750 | Zig:27   | Reached skill level 27 in Stealth
 83754 | Zig:27   | Reached skill level 10 in Armour
 83898 | Zig:27   | Identified Upeunu's Almanac of the Captivating Mountains
 83901 | Zig:27   | Got a faintly glowing bronze ring
 83902 | Zig:27   | Identified the ring of Wezat {rCorr Slay+5} (You found it
                  | on level 27 of a ziggurat)
 83909 | Zig:27   | Identified the Grimoire of Sinister Conjuration
 84052 | Zot:1    | Entered Level 1 of the Realm of Zot
 84090 | Zot:1    | Noticed an orb of fire
 84096 | Zot:1    | Gained mutation: Your flesh is cold resistant. (rC+) [an
                  | orb of fire]
 84097 | Zot:1    | Killed an orb of fire
 84253 | Zot:1    | Reached skill level 15 in Armour
 84454 | Zot:1    | Found a huge runed gate.
 84455 | Zot:1    | Found a huge runed gate.
 84459 | Zot:1    | Found a huge runed gate.
 84459 | Zot:1    | Found a huge runed gate.
 84459 | Zot:1    | Found a huge runed gate.
 84459 | Zot:1    | Found a huge runed gate.
 84460 | Zot:1    | Found a huge runed gate.
 84460 | Zot:1    | Found a huge runed gate.
 84461 | Zot:1    | Found a huge runed gate.
 84462 | Zot:1    | Found a huge runed gate.
 84463 | Zot:1    | Found a huge runed gate.
 84597 | Zot:1    | Found a transporter.
 84597 | Zot:1    | Noticed an ancient lich
 84598 | Zot:1    | Noticed Ewke's ghost (legendary MfTm)
 84602 | Zot:1    | Found a transporter.
 84617 | Zot:1    | Found a huge runed gate.
 84617 | Zot:1    | Found a huge runed gate.
 84617 | Zot:1    | Found a huge runed gate.
 84617 | Zot:1    | Found a huge runed gate.
 84617 | Zot:1    | Found a huge runed gate.
 84617 | Zot:1    | Found a huge runed gate.
 84618 | Zot:1    | Found a huge runed gate.
 84624 | Zot:1    | Found a huge runed gate.
 84625 | Zot:1    | Found a huge runed gate.
 84635 | Zot:1    | Found a huge runed gate.
 84635 | Zot:1    | Found a huge runed gate.
 84635 | Zot:1    | Found a huge runed gate.
 84635 | Zot:1    | Found a huge runed gate.
 84635 | Zot:1    | Found a huge runed gate.
 84635 | Zot:1    | Found a huge runed gate.
 84637 | Zot:1    | Identified the Tome of Dark Attacks
 84646 | Zot:1    | Found a huge runed gate.
 84658 | Zot:1    | Found a huge runed gate.
 84658 | Zot:1    | Found a huge runed gate.
 84658 | Zot:1    | Found a huge runed gate.
 84658 | Zot:1    | Found a huge runed gate.
 84658 | Zot:1    | Found a huge runed gate.
 84658 | Zot:1    | Found a huge runed gate.
 84659 | Zot:1    | Found a huge runed gate.
 84746 | Zot:1    | Identified the +5 demon blade "Ibierisu" {distort, +Rage
                  | Str+3 Int-3 Dex+4}
 84755 | Zot:1    | Identified the cursed ring "Nauloax" {+Inv rF+ rC++ MR-
                  | Dex-4}
 85040 | Zot:1    | Noticed an ancient lich
 85041 | Zot:1    | Found the +5 robe of Night {Dark MR+ SInv}
 85041 | Zot:1    | Noticed an orb of fire
 85043 | Zot:1    | Noticed an orb of fire
 85044 | Zot:1    | Killed an ancient lich
 85045 | Zot:1    | Killed an orb of fire
 85049 | Zot:1    | Killed an orb of fire
 85208 | Zot:1    | Killed an ancient lich
 85211 | Zot:1    | Gained mutation: Armour fits poorly on your strangely
                  | shaped body. [a cacodemon]
 85212 | Zot:1    | Killed Ewke's ghost
 87644 | Zot:4    | Noticed an ancient lich
 87825 | Zot:4    | Noticed an orb of fire
 87838 | Zot:4    | Found a transporter.
 87848 | Zot:4    | Killed an orb of fire
 87856 | Zot:4    | Killed an ancient lich
 87861 | Zot:4    | Noticed an ancient lich
 87863 | Zot:4    | Killed an ancient lich
 87888 | Zot:4    | Found a radiant altar of Vehumet.
 87893 | Zot:4    | Found a transporter.
 88395 | Zot:5    | Entered Level 5 of the Realm of Zot
 88633 | Zot:5    | Noticed an orb of fire
 88636 | Zot:5    | Killed an orb of fire
 88647 | Zot:5    | Noticed an ancient lich
 88649 | Zot:5    | Noticed an ancient lich
 88650 | Zot:5    | Killed an ancient lich
 88650 | Zot:5    | Killed an ancient lich
 88974 | Zot:5    | Noticed an orb of fire
 88976 | Zot:5    | Killed an orb of fire
 88984 | Zot:5    | Noticed an ancient lich
 88986 | Zot:5    | Killed an ancient lich
 89284 | Zot:5    | Noticed an ancient lich
 89286 | Zot:5    | Killed an ancient lich
 89286 | Zot:5    | Noticed an ancient lich
 89289 | Zot:5    | Killed an ancient lich
 89821 | Zig:1    | Entered Level 1 of a ziggurat
 89840 | Zig:2    | Entered Level 2 of a ziggurat
 89887 | Zig:3    | Entered Level 3 of a ziggurat
 89904 | Zig:3    | Identified Nipuinn's Almanac of Clay and Sinister Rites
 89912 | Zig:4    | Entered Level 4 of a ziggurat
 89912 | Zig:4    | Noticed a juggernaut
 89915 | Zig:4    | Killed a juggernaut
 89942 | Zig:5    | Entered Level 5 of a ziggurat
 90088 | Zig:6    | Entered Level 6 of a ziggurat
 90234 | Zig:7    | Entered Level 7 of a ziggurat
 90238 | Zig:7    | Noticed an ancient lich
 90242 | Zig:7    | Killed an ancient lich
 90385 | Zig:8    | Entered Level 8 of a ziggurat
 90389 | Zig:8    | Noticed an ancient lich
 90390 | Zig:8    | Noticed an ancient lich
 90392 | Zig:8    | Killed an ancient lich
 90392 | Zig:8    | Killed an ancient lich
 90474 | Zig:8    | Got a crude lapis lazuli ring
 90475 | Zig:8    | Identified the ring "Heejoeru" {+Fly rPois MR+ Int-3} (You
                  | found it on level 8 of a ziggurat)
 90489 | Zig:8    | Identified the +1 leather armour of Greater Demons {*Contam
                  | rPois Regen+} (You found it on level 8 of a ziggurat)
 90492 | Zig:9    | Entered Level 9 of a ziggurat
 90535 | Zig:9    | Got a vibrating golden ring
 90536 | Zig:9    | Identified the ring of Wiwkoleb {+Fly rC+ Slay-5 SInv
                  | Stlth+} (You found it on level 9 of a ziggurat)
 90549 | Zig:9    | Got an ancient steel ring
 90550 | Zig:9    | Identified the ring of Meriffat {Fire rPois Dex+5 Stlth+}
                  | (You found it on level 9 of a ziggurat)
 90561 | Zig:10   | Entered Level 10 of a ziggurat
 90578 | Zig:10   | Found the +3 robe of Folly {Archmagi, MR-- Int+5}
 90588 | Zig:10   | Got a transparent pewter amulet
 90589 | Zig:10   | Identified the amulet of Wyddic {RegenMP rPois MR+ Int-5
                  | SInv} (You found it on level 10 of a ziggurat)
 90603 | Zig:10   | Identified the +4 troll leather armour of the Bells {*Slow
                  | rPois rC+ MR++ Regen+} (You found it on level 10 of a
                  | ziggurat)
 90638 | Zig:11   | Entered Level 11 of a ziggurat
 90648 | Zig:11   | Found the +1 cloak of Starlight {rElec rC+ EV+4 Stlth--}
 90657 | Zig:11   | Identified the Handbook of Supportive Fire
 90796 | Zig:12   | Entered Level 12 of a ziggurat
 90806 | Zig:12   | Noticed Niozimimp the pandemonium lord
 90807 | Zig:12   | Reached skill level 27 in Earth Magic
 90809 | Zig:12   | Killed Niozimimp the pandemonium lord
 90809 | Zig:12   | Gained mutation: Potions are less effective at restoring
                  | your health. [a cacodemon]
 90937 | Zig:12   | Found the +8 glaive of the Guard {elec, +Rage AC+5 SInv}
 90950 | Zig:12   | Reached skill level 27 in Fire Magic
 90962 | Zig:13   | Entered Level 13 of a ziggurat
 90968 | Zig:13   | Noticed Juafy the pandemonium lord
 90968 | Zig:13   | Noticed Nafun the pandemonium lord
 90968 | Zig:13   | Noticed Ixkimet the pandemonium lord
 90968 | Zig:13   | Noticed Zonuibb the pandemonium lord
 90969 | Zig:13   | Noticed Qygaonuu the pandemonium lord
 90969 | Zig:13   | Noticed Omuiloh the pandemonium lord
 90969 | Zig:13   | Noticed Fedefuapp the pandemonium lord
 90969 | Zig:13   | Noticed Bonisaep the pandemonium lord
 90969 | Zig:13   | Noticed Joucvun the pandemonium lord
 90969 | Zig:13   | Noticed Jabog the pandemonium lord
 90969 | Zig:13   | Noticed Kiut the pandemonium lord
 90969 | Zig:13   | Noticed Ywkeado the pandemonium lord
 90970 | Zig:13   | Killed Kiut the pandemonium lord
 90970 | Zig:13   | Killed Bonisaep the pandemonium lord
 90972 | Zig:13   | Killed Ywkeado the pandemonium lord
 90972 | Zig:13   | Killed Qygaonuu the pandemonium lord
 90973 | Zig:13   | Killed Omuiloh the pandemonium lord
 90973 | Zig:13   | Killed Jabog the pandemonium lord
 90973 | Zig:13   | Killed Nafun the pandemonium lord
 90974 | Zig:13   | Killed Juafy the pandemonium lord
 90975 | Zig:13   | Killed Fedefuapp the pandemonium lord
 90976 | Zig:13   | Killed Ixkimet the pandemonium lord
 90978 | Zig:13   | Killed Zonuibb the pandemonium lord
 90979 | Zig:13   | Killed Joucvun the pandemonium lord
 90979 | Zig:13   | Reached skill level 27 in Ice Magic
 91144 | Zig:13   | Identified the Grimoire of Shape Shifting and the Mountains
 91168 | Zig:13   | Got a translucent wooden ring
 91170 | Zig:13   | Identified the Catalogue of Transformation
 91172 | Zig:13   | Identified the ring "Ymonkock" {rPois MR+ Dex+4 Slay+3}
                  | (You found it on level 13 of a ziggurat)
 91176 | Zig:14   | Entered Level 14 of a ziggurat
 91190 | Zig:14   | Found the +2 robe of Vines {NoPotionHeal Regen+7}
 91262 | Zig:14   | Identified the Almanac of the Glacial Escort
 91269 | Zig:15   | Entered Level 15 of a ziggurat
 91283 | Zig:15   | Noticed Mobyuv the pandemonium lord
 91284 | Zig:15   | Killed Mobyuv the pandemonium lord
 91287 | Zig:15   | Killed by miscasting Death's Door

Illustrated notes

Levels and vault maps discovered:
D:1:      dpeg_arrival_pits, layout_rooms, chequers_serial_rivers_marsh,
          grunt_decor_fettered, minmay_misc_feat_nine_boxes
D:2:      layout_loops_ring, fountainhead, hex_medium,
          kennysheep_generic_room_13
D:3:      layout_rooms, minmay_misc_feat_rows
D:4:      layout_cave_pods, minmay_quadrilaterals, uniq_grinder
D:5:      layout_basic, minmay_temple_entry_glassed_door,
          nemelex_dance_club_becter, uniq_pikel
D:6:      layout_cave_pods, serial_glass, glass_columns_c, glass_columns_a,
          item_on_display_a, item_on_display_a, due_unseen_surprise,
          minmay_strange_pillars
D:7:      layout_loops_corners, lemuel_mausoleum_altar_yredelemnul,
          serial_shops, shop, nicolae_shop_stone, uniq_harold
D:8:      layout_loops_ring, serial_shops, nicolae_shop_stone, kennysheep_boxes,
          uniq_joseph
D:9:      layout_loops_ring, serial_shops, kennysheep_mini,
          kennysheep_opposing_triangles
D:10:     layout_loops_cross, david_orc_4
D:11:     layout_irregular_city, david_lair_generic, serial_column_ruins,
          column_ruins_square_large, column_ruins_hut_pillars,
          column_ruins_open_tiny_water, column_ruins_open_small_water,
          column_ruins_columns_corner, column_ruins_grid_1,
          column_ruins_columns_plus, column_ruins_columns_dead_end,
          portal_ice_cave_entry_pillars_2, lemuel_flamethrower_hall, uniq_sonja
D:12:     layout_rooms, nicolae_trove_entry_crossroad, uniq_nessos
D:13:     layout_loops_cross, david_vaults_3, serial_shops, shop_coins,
          serial_bayou_ford_a
D:14:     layout_roguey, minmay_the_grid_2x2 [minmay_the_grid_tri_star,
          minmay_the_grid_medium_cups, minmay_the_grid_aliased_spiral,
          minmay_the_grid_prize_big_room], uniq_azrael
D:15:     hangedman_depths_entry_try_elsewhere_first, layout_irregular_city,
          basic_altar, serial_shops, shop
Temple:   kilobyte_greek_temple
Lair:1:   layout_loops_ring, disabler_island
Lair:2:   layout_cave_pods, palyth_hydra_swamp_entry
Lair:3:   layout_long_grid, guppyfry_snake_entry_island, columned_hall_lemuel,
          lemuel_oklob_altar, grunt_megastairs_1, uniq_gastronok
Lair:4:   layout_cave_pods, serial_bayou_shore_b, lemuel_fruit_fields
Lair:5:   layout_cave_shapes, slime_altar_1, serial_bayou_pond_d
Lair:6:   evilmike_catoblepas_cave, layout_loops_ring, grunt_megastairs_2
Swamp:1:  layout_basic_swamp, evilmike_swamp_ruin_rubble_2
Swamp:2:  gammafunk_mikee_crab_dinner, layout_falls_marsh,
          nicolae_swamp_round_clearing
Swamp:3:  layout_falls_marsh, nicolae_swamp_fairy_circle, swamp_pool1
Swamp:4:  swamp_old_school, layout_basic_swamp
Snake:1:  layout_grid_shapes
Snake:2:  layout_rooms, minmay_shop_grove, uniq_aizul, uniq_vashnia
Snake:3:  cheibrodos_snake_lava_hold, layout_chambers, serial_shops,
          shop_fountains
Snake:4:  minmay_snake_end_coiled, layout_cave_town, grunt_ministairs_3,
          uniq_louise
Slime:1:  layout_caves
Slime:2:  layout_caves
Slime:3:  layout_caves, nicolae_slime_barrier, dissolution_awaits
Slime:4:  layout_caves
Slime:5
Orc:1:    layout_caves, serial_shops, nicolae_shop_window_shopping,
          enter_volcano_3, trog_hazing_becter
Orc:2:    st_orc_open, layout_diamond_mine, basic_altar
Elf:1:    layout_loops_cross, serial_shops, shop, orc_legates,
          nicolae_elf_big_sculpture_1
Elf:2:    layout_geoelf_diagonals, nicolae_elf_big_sculpture_3, minivault_28,
          minmay_shoptagon
Elf:3:    elf_hall, layout_loops_corners
Vaults:1: nicolae_vaults_little_squares_5, ontoclasm_vaults_tryst,
          grunt_vaults_funnel, vaults_room_corners, v_misc_1, vaults_mumra_hex,
          nicolae_vaults_display_case, nicolae_vaults_little_ls,
          layout_vaults_ring
Vaults:2: v_rooms_5, nicolae_vaults_circle_grid_b, nicolae_vaults_halls_meeting,
          grunt_vaults_bifocal, grunt_vaults_focal, vaults_room_door_ring,
          nicolae_vaults_network_periphery, layout_vaults_omnigrid, basic_altar,
          uniq_saint_roka
Vaults:3: st_greater_box_4, vaults_mumra_lcd, minmay_crypt_entry_necro_gods,
          vaults_room_pools, ontoclasm_vaults_misaligned, vaults_room_fours,
          vaults_dpeg_encased_lava, vaults_room_corners, v_misc_2,
          vaults_room_fancy_cross, vaults_room_octagon,
          nicolae_vaults_network_star, v_misc_5, layout_vaults_maze_bifur,
          serial_shops, shop_fountains, uniq_xtahua
Vaults:4: nicolae_vaults_minivaults, nicolae_vaults_puzzle_piece, v_misc_1,
          vaults_room_hallway, vaults_room_fancy_cross, v_misc_24,
          nicolae_vaults_ring_of_whatevers, grunt_vaults_twisty, v_misc_19,
          layout_vaults_chaotic_city, serial_shops, nicolae_shop_statue_plus
Vaults:5
Crypt:1:  layout_misc_corridors
Crypt:2:  layout_chaotic_city, basic_altar, small_statue_intersection,
          uniq_sojobo
Crypt:3:  grunt_crypt_end_deaths_head
Depths:1: layout_basic, enter_ziggurat_d, chequers_serial_rivers_micro_b,
          hell_entry, roderic_roman_lattice, minmay_starry_boxes
Depths:2: kennysheep_room_grid, layout_cave_shapes, hell_entry, serial_shops,
          shop, hangedman_decor_lopped
Depths:3: kennysheep_large_vault, layout_long_grid,
          nicolae_abyss_entry_one_way_or_another,
          minmay_misc_feat_secret_circle, grunt_hell_entry_dis_mu,
          grunt_pan_entry_zigzag, infiniplex_staircase_zigzag_1, uniq_margery
Depths:4: minmay_nine_rooms, layout_basic, serial_shops, shop,
          abyss_entry_flame_altar, hangedman_geh_valley, grunt_decor_arrowhead,
          infiniplex_staircase_x
Depths:5: grunt_zot_entry_funnels, layout_cave_pools, abyss_entry,
          chequers_serial_rivers_marsh, lightli_too_deep, drop_trap,
          kennysheep_doodads
Zot:1:    layout_onion, gammafunk_ghost_abyssal_escape, door_vault
Zot:2:    layout_cellular_growth
Zot:3:    kennysheep_bubbly, layout_basic
Zot:4:    gammafunk_sealed_library, layout_basic
Zot:5:    layout_gridville, grunt_ministairs_2
Zig:15:   ziggurat_pillar_abc, ziggurat_pillar_abc, ziggurat_pillar_abc,
          ziggurat_pillar_abc

Skill      XL: |  1  2  3  4  5  6  7  8  9 10 11 12 13 14 15 16 17 18 19 20 21 22 23 24 25 26 27 |
---------------+----------------------------------------------------------------------------------+-----
Earth Magic    | 4 5 6 7 8 9 10 11 12 13 14 15 16 17 18 19 20 27 | 27.0
Conjurations   | 1 3 4 5 6 7 8 9 10 11 12 13 14 15 16 17 18 27 | 27.0
Spellcasting   | 3 4 5 6 7 8 9 10 11 12 13 14 15 16 27 | 27.0
Maces & Flails | 2 3 4 6 7 8 9 10 11 12 13 14 15 16 | 16.0
Armour         | 2 4 5 6 18 | 18.0
Fighting       | 2 4 5 6 7 8 9 10 11 12 13 14 15 16 17 19 27 | 27.0
Dodging        | 2 3 4 5 6 7 8 9 10 11 12 13 14 27 | 27.0
Evocations     | 1 3 4 5 6 27 | 27.0
Fire Magic     | 4 6 8 10 11 12 13 14 15 16 17 18 19 20 21 27 | 27.0
Shields        | 3 4 15 | 15.0
Ice Magic      | 27 | 27.0
Staves         | 5 |  5.5
Transmutations | 10 | 10.0
Necromancy     | 18 | 18.0
Air Magic      | 24 | 24.7
Stealth        | 27 | 27.0

Action                   |  1- 3 |  4- 6 |  7- 9 | 10-12 | 13-15 | 16-18 | 19-21 | 22-24 | 25-27 || total
-------------------------+-------+-------+-------+-------+-------+-------+-------+-------+-------++-------
Melee: Unarmed           |    11 |       |       |       |       |       |       |       |       ||    11
       Dagger            |    99 |    56 |       |       |       |       |       |       |       ||   155
       Mace              |       |    68 |   281 |   119 |       |       |       |       |       ||   468
       Falchion          |       |       |       |   454 |       |       |       |       |       ||   454
       Flail             |       |       |       |   112 |   259 |   832 |   489 |   455 |   203 ||  2350
       Demon trident     |       |       |       |       |   278 |       |       |       |       ||   278
       Rapier            |       |       |       |       |    79 |       |       |       |       ||    79
       Demon whip        |       |       |       |       |       |       |       |       |   706 ||   706
       Staff             |       |       |       |       |       |       |       |       |   580 ||   580
Throw: Throwing net      |       |       |       |       |       |       |       |       |     2 ||     2
 Cast: Sandblast         |    19 |    20 |    47 |    99 |    12 |     8 |     2 |       |       ||   207
       Stone Arrow       |       |    11 |    29 |    66 |    14 |       |       |     1 |     6 ||   127
       Lee's Rapid Decon |       |       |     8 |    71 |    91 |    72 |    27 |    46 |    61 ||   376
       Passwall          |       |       |     2 |       |       |       |       |       |       ||     2
       Iron Shot         |       |       |       |       |    32 |   176 |   141 |    95 |   106 ||   550
       Starburst         |       |       |       |       |    41 |    53 |    10 |       |       ||   104
       Ignition          |       |       |       |       |       |    14 |    70 |    60 |   212 ||   356
       Fireball          |       |       |       |       |       |    13 |     9 |    17 |       ||    39
       Shatter           |       |       |       |       |       |       |       |    29 |   588 ||   617
       Fire Storm        |       |       |       |       |       |       |       |       |   167 ||   167
       Lehudib's Crystal |       |       |       |       |       |       |       |       |    98 ||    98
       Absolute Zero     |       |       |       |       |       |       |       |       |    25 ||    25
       Tornado           |       |       |       |       |       |       |       |       |    18 ||    18
       Necromutation     |       |       |       |       |       |       |       |       |     3 ||     3
 Abil: Fly               |       |       |       |       |     1 |     1 |       |       |       ||     2
       Stop Flying       |       |       |       |       |     1 |       |       |       |       ||     1
       End Transformatio |       |       |       |       |       |       |       |       |     1 ||     1
Evoke: Wand              |       |       |     4 |    10 |    10 |     3 |     7 |       |     5 ||    39
       Condenser vane    |       |       |       |     2 |     2 |     3 |     3 |       |     3 ||    13
       Phantom mirror    |       |       |       |       |       |     1 |       |       |       ||     1
       Figurine of a zig |       |       |       |       |       |       |       |       |     3 ||     3
       Tin of tremorston |       |       |       |       |       |       |       |       |     3 ||     3
  Use: Scroll            |       |    16 |     3 |    13 |    13 |    11 |     6 |     4 |   145 ||   211
       Potion            |       |     1 |     1 |     8 |     7 |     4 |     6 |     2 |    77 ||   106
 Stab: Sleeping          |     1 |     1 |     3 |     8 |    13 |    12 |     9 |     7 |     7 ||    61
       Distracted        |       |       |     1 |     1 |     2 |     4 |     5 |     3 |     4 ||    20
       Invisible         |       |       |       |       |     1 |     2 |     1 |       |     3 ||     7
       Petrified         |       |       |       |       |     1 |       |       |       |       ||     1
       Fleeing           |       |       |       |       |       |       |       |     1 |       ||     1
Armor: Robe              |    48 |    89 |   161 |   274 |       |       |       |       |       ||   572
       Skin              |       |       |       |    87 |       |       |       |       |       ||    87
       Troll leather arm |       |       |       |    30 |   369 |   404 |   128 |       |       ||   931
       Leather armour    |       |       |       |       |       |       |    80 |   137 |  1099 ||  1316
Dodge: Dodged            |    65 |   189 |   236 |   571 |   558 |   593 |   336 |   243 |  1611 ||  4402
Block: Other             |       |       |       |    94 |   202 |    49 |       |       |       ||   345
       Reflection        |       |       |       |     4 |     4 |    31 |    40 |    21 |    56 ||   156
       Buckler           |       |       |       |       |       |   368 |   241 |   161 |   971 ||  1741
       Rpst.: Falchion   |       |       |       |   113 |       |       |       |       |       ||   113

Table legend: (Time is in decaauts)
 A = Elapsed time spent in this place.
 B = Non-inter-level travel time spent in this place.
 C = Inter-level travel time spent in this place.
 D = Time resting spent in this place.
 E = Time spent auto-exploring this place.
 F = Levels seen in this place.
 G = Mean time per level.
                   A        B        C        D        E       F      G
               +--------+--------+--------+--------+--------+-----+--------+
         Total |  90094 |  84792 |   5302 |  21671 |  41272 | 159 |  566.6 |
       Dungeon |  23746 |  21676 |   2070 |   4667 |  12248 |  15 | 1583.1 |
        Temple |    125 |     93 |     32 |      0 |     87 |   1 |  125.0 |
          Lair |   7255 |   6462 |    793 |    699 |   4530 |   6 | 1209.2 |
         Swamp |   5295 |   5128 |    167 |   1026 |   3167 |   4 | 1323.8 |
     Snake Pit |   7603 |   7074 |    529 |   2739 |   2900 |   4 | 1900.8 |
    Slime Pits |    642 |    620 |     22 |    198 |      0 |   5 |  128.4 |
  Orcish Mines |   1541 |   1474 |     67 |      0 |    975 |   2 |  770.5 |
   Elven Halls |   4263 |   4026 |    237 |    885 |   2331 |   3 | 1421.0 |
        Vaults |  10041 |   9629 |    412 |   1760 |   5959 |   5 | 2008.2 |
         Crypt |   3845 |   3707 |    138 |    917 |   1464 |   3 | 1281.7 |
        Depths |   7357 |   6772 |    585 |   1752 |   3697 |   5 | 1471.4 |
           Zot |   5228 |   4982 |    246 |    560 |   3398 |   5 | 1045.6 |
         Abyss |   1376 |   1376 |      0 |    444 |    228 |   4 |  344.0 |
      Ziggurat |  11497 |  11497 |      0 |   6021 |     74 |  96 |  119.8 |
       Volcano |    272 |    272 |      0 |      0 |    211 |   1 |  272.0 |
               +--------+--------+--------+--------+--------+-----+--------+

Top non-repeatable levels by time:
 Snake:3: 2614 daAuts
    D:10: 2597 daAuts
Vaults:4: 2561 daAuts
Vaults:3: 2394 daAuts
 Snake:4: 2305 daAuts
Vaults:5: 2185 daAuts
Depths:3: 2168 daAuts
    D:11: 2092 daAuts
     D:7: 1980 daAuts
 Swamp:2: 1960 daAuts
     D:8: 1919 daAuts
   Elf:3: 1832 daAuts
Vaults:2: 1791 daAuts
Depths:4: 1759 daAuts
  Lair:2: 1724 daAuts
